Workbook
Name CapexAmount: Drivers!$K$6:$K$35
Name CapexCategory: Drivers!$I$6:$I$35
Name CapexMonth: Drivers!$J$6:$J$35
Name CapitalDividends: Drivers!$G$6:$G$35
Name CapitalEquity: Drivers!$D$6:$D$35
Name CapitalLong: Drivers!$F$6:$F$35
Name CapitalMonth: Drivers!$C$6:$C$35
Name CapitalShort: Drivers!$E$6:$E$35
Name COGS: Drivers!$S$6:$S$35
Name DeprecExp: Drivers!$N$6:$N$35
Name DeprecMonths: Drivers!$L$6:$L$35
Name DeprecStop: Drivers!$M$6:$M$35
Name InventoryPct: Drivers!$AC$23
Name OtherCA: Drivers!$AC$25
Name OtherCAcagr: Drivers!$AC$26
Name OtherCL: Drivers!$AC$28
Name OtherCLcagr: Drivers!$AC$29
Name Overhead: Drivers!$U$6:$U$35
Name OverheadCAGR: Drivers!$V$6:$V$35
Name PayCAGR: Drivers!$Z$6:$Z$35
Name PayFTE: Drivers!$X$6:$X$35
Name PayLoad: Drivers!$AC$20
Name PaySalary: Drivers!$Y$6:$Y$35
Name Price: Drivers!$R$6:$R$35
Name RateEquity: Drivers!$AC$13
Name RateLong: Drivers!$AC$12
Name RateShort: Drivers!$AC$11
Name Taxes: Drivers!$AC$21
Name TermsCollectCash: Drivers!$AC$7
Name TermsCollectCredit: Drivers!$AC$8
Name TermsPayCash: Drivers!$AB$7
Name TermsPayCredit: Drivers!$AB$8
Name Units: Drivers!$P$6:$P$35
Name UnitsCAGR: Drivers!$Q$6:$Q$35
Name ValEvEbitda: Drivers!$AC$17
Name ValPE: Drivers!$AC$18
Name ValTerminal: Drivers!$AC$16
Name WACC: Drivers!$AC$14

Sheet ℹ️ 
A1: info
C5: Credit | D5: CapEx | E5: Income | F5: Balance | G5: Cash | H5: Valuation | I5: Analysis
C6: Starting cash | D6: Expenditures | E6: Revenue | F6: Current assets | G6: Operations | H6: Free cash flow | I6: Ratios
C7: New capital | D7: Depreciation | E7: Gross margin | F7: Net fixed | G7: Investing | H7: Terminal | I7: Distress
C8: Collections | D8: Accum deprec | E8: EBITDA | F8: Equity | G8: Cash fr. equity | H8: Enterprise | I8: Sensitivity
C9: Disbursements | D9: Balance | E9: EBIT | F9: Current liabs | G9: Cash fr. debt | H9: Equity bridge | I9: Cost of capital
C10: Adjusted cash | D10: Salvage | E10: Net earnings | F10: L/T liabilities | G10: Cash in/out | H10: EV/EBITDA | I10: Econ. profit
C11: Borrow/repay | D11: Net salvage | E11: Retained | F11: Equity | G11: Check balance | H11: Price/Earnings | I11: Breakeven
C20: Note: Drivers tab is populated with sample data. Select > Delete to clear cells.

Sheet Drivers
B2: Info
C3: Drivers
C4: Capitalization | H4: Capital Expenditures | O4: Gross Margin | T4: Overhead | W4: Payroll | AA4: Misc. | AF4: 5-year Summary
C5: Mo | D5: Equity | E5: Sh Debt | F5: Lg Debt | G5: Divs | H5: Purchase | I5: Catgry | J5: Mo | K5: $ | L5: # mos | M5: Stop | N5: Exp | O5: SKU | P5: Units | Q5: y/y | R5: Price | S5: COGS | T5: Expense | U5: y1 | V5: y/y | W5: Title / Level | X5: FTE | Y5: Base | Z5: y/y | AA5: Terms | AG5: 1 | AH5: 2 | AI5: 3 | AJ5: 4 | AK5: 5
C6: 1e-06 | D6: 40 | E6: 50 | F6: 100 | G6: 1e-08 | H6: Trademark | I6: Intang | J6: 6 | K6: 100 | L6: 14 | M6: =IF(L6=0,0,L6+J6-1) -> 19 | N6: =IF(L6=0,0,K6/L6) -> 7.1428571 | O6: Item 1 | P6: 100 | Q6: 0.06 | R6: 15 | S6: 12 | T6: Rent | U6: 210 | V6: 0.03 | W6: CTO | X6: 1 | Y6: 100 | Z6: 0.02 | AB6: Pay | AC6: Collect | AF6: CapEx
C7: 6 | D7: 15 | E7: 10 | F7: 20 | G7: 0.1 | H7: Systems | I7: Equip | J7: 1 | K7: 4 | L7: 10 | M7: =IF(L7=0,0,L7+J7-1) -> 10 | N7: =IF(L7=0,0,K7/L7) -> 0.4 | O7: Item 2 | P7: 210 | Q7: 0.07 | R7: 12 | S7: 9 | T7: Utilities | U7: 180 | V7: 0.02 | W7: Developer/1 | X7: 1 | Y7: 70 | Z7: 0.01 | AA7: Cash | AB7: 0.5 | AC7: 0.45 | AF7: Spend | AG7: =CapEx!$E11 -> 154 | AH7: =CapEx!$F11 -> 0 | AI7: =CapEx!$G11 -> 0 | AJ7: =CapEx!$H11 -> 0 | AK7: =CapEx!$I11 -> 0
C8: 13 | D8: 60 | E8: 20 | F8: 30 | G8: 0.05 | H8: Land | I8: Land | J8: 3 | K8: 50 | M8: =IF(L8=0,0,L8+J8-1) -> 0 | N8: =IF(L8=0,0,K8/L8) -> 0 | O8: Item 3 | P8: 320 | Q8: 0.04 | R8: 5.1 | S8: 3.46 | T8: Supplies | U8: 100 | V8: 0.05 | W8: Developer/2 | X8: 2 | Y8: 60 | Z8: 0.01 | AA8: Net 30 | AB8: 0.5 | AC8: 0.55 | AF8: Deprec | AG8: =CapEx!$E19 -> 54 | AH8: =CapEx!$F19 -> 50 | AI8: =CapEx!$G19 -> 0 | AJ8: =CapEx!$H19 -> 0 | AK8: =CapEx!$I19 -> 0
M9: =IF(L9=0,0,L9+J9-1) -> 0 | N9: =IF(L9=0,0,K9/L9) -> 0 | AA9: Total | AB9: =SUM(AB7:AB8) -> 1 | AC9: =SUM(AC7:AC8) -> 1 | AF9: Income
M10: =IF(L10=0,0,L10+J10-1) -> 0 | N10: =IF(L10=0,0,K10/L10) -> 0 | AA10: Cost of capital | AF10: Rev | AG10: =Income!$E6 -> 5788.4603 | AH10: =Income!$F6 -> 6096.2594 | AI10: =Income!$G6 -> 6420.4256 | AJ10: =Income!$H6 -> 6761.8291 | AK10: =Income!$I6 -> 7121.3867
M11: =IF(L11=0,0,L11+J11-1) -> 0 | N11: =IF(L11=0,0,K11/L11) -> 0 | AA11: Short / T debt | AC11: 0.07 | AF11: COGS | AG11: =Income!$E7 -> 4298.536 | AH11: =Income!$F7 -> 4527.109 | AI11: =Income!$G7 -> 4767.8362 | AJ11: =Income!$H7 -> 5021.364 | AK11: =Income!$I7 -> 5288.373
M12: =IF(L12=0,0,L12+J12-1) -> 0 | N12: =IF(L12=0,0,K12/L12) -> 0 | AA12: Long /T debt | AC12: 0.0875 | AF12: OpEx | AG12: =Income!E$12 -> 876.11038 | AH12: =Income!F$12 -> 896.31809 | AI12: =Income!G$12 -> 917.05377 | AJ12: =Income!H$12 -> 938.3323 | AK12: =Income!I$12 -> 960.16902
M13: =IF(L13=0,0,L13+J13-1) -> 0 | N13: =IF(L13=0,0,K13/L13) -> 0 | AA13: Ret on equity | AC13: 0.105 | AF13: Interest | AG13: =Income!$E21 -> 13.679167 | AH13: =Income!$F21 -> 18.725 | AI13: =Income!$G21 -> 18.725 | AJ13: =Income!$H21 -> 18.725 | AK13: =Income!$I21 -> 18.725
M14: =IF(L14=0,0,L14+J14-1) -> 0 | N14: =IF(L14=0,0,K14/L14) -> 0 | AA14: WACC | AC14: =((RateShort*Balance!F22)+(RateLong*Balance!F24)+(RateEquity*Balance!E28)) / SUM(Balance!F22,Balance!F24,Balance!E28) -> 0.095892273 | AF14: Earnings | AG14: =Income!$E23 -> 327.68084 | AH14: =Income!$F23 -> 362.4644 | AI14: =Income!$G23 -> 430.08636 | AJ14: =Income!$H23 -> 470.04471 | AK14: =Income!$I23 -> 512.47181
M15: =IF(L15=0,0,L15+J15-1) -> 0 | N15: =IF(L15=0,0,K15/L15) -> 0 | AA15: Valuation | AF15: Balance
M16: =IF(L16=0,0,L16+J16-1) -> 0 | N16: =IF(L16=0,0,K16/L16) -> 0 | AA16: Terminal gr. | AC16: 0.025 | AF16: Assets | AG16: =Balance!$E19 -> 775.83268 | AH16: =Balance!$F19 -> 1244.6345 | AI16: =Balance!$G19 -> 1688.0715 | AJ16: =Balance!$H19 -> 2172.211 | AK16: =Balance!$I19 -> 2699.5639
M17: =IF(L17=0,0,L17+J17-1) -> 0 | N17: =IF(L17=0,0,K17/L17) -> 0 | AA17: EV/EBITDA | AC17: 5 | AF17: Debt | AG17: =Balance!$E25 -> 410.18464 | AH17: =Balance!$F25 -> 472.83113 | AI17: =Balance!$G25 -> 486.18178 | AJ17: =Balance!$H25 -> 500.27652 | AK17: =Balance!$I25 -> 515.15761
M18: =IF(L18=0,0,L18+J18-1) -> 0 | N18: =IF(L18=0,0,K18/L18) -> 0 | AA18: Price/Earnings | AC18: 8 | AF18: Equity | AG18: =Balance!$E28 -> 365.64804 | AH18: =Balance!$F28 -> 771.8034 | AI18: =Balance!$G28 -> 1201.8898 | AJ18: =Balance!$H28 -> 1671.9345 | AK18: =Balance!$I28 -> 2184.4063
M19: =IF(L19=0,0,L19+J19-1) -> 0 | N19: =IF(L19=0,0,K19/L19) -> 0 | AA19: Income statement | AF19: Cash Flow
M20: =IF(L20=0,0,L20+J20-1) -> 0 | N20: =IF(L20=0,0,K20/L20) -> 0 | AA20: Salary load | AC20: 0.3 | AF20: Ops | AG20: =Cash!E37 -> 203.29618 | AH20: =Cash!F37 -> 396.47162 | AI20: =Cash!G37 -> 412.47034 | AJ20: =Cash!H37 -> 450.628 | AK20: =Cash!I37 -> 491.05683
M21: =IF(L21=0,0,L21+J21-1) -> 0 | N21: =IF(L21=0,0,K21/L21) -> 0 | AA21: Income tax | AC21: 0.4 | AF21: Invest | AG21: =Cash!E38 -> -154 | AH21: =Cash!F38 -> 0 | AI21: =Cash!G38 -> 0 | AJ21: =Cash!H38 -> 0 | AK21: =Cash!I38 -> 0
M22: =IF(L22=0,0,L22+J22-1) -> 0 | N22: =IF(L22=0,0,K22/L22) -> 0 | AA22: Balance sheet | AF22: Finance | AG22: =Cash!E39 -> 28 | AH22: =Cash!F39 -> 94 | AI22: =Cash!G39 -> 0 | AJ22: =Cash!H39 -> 0 | AK22: =Cash!I39 -> 0
M23: =IF(L23=0,0,L23+J23-1) -> 0 | N23: =IF(L23=0,0,K23/L23) -> 0 | AA23: Inventory/AP | AC23: 0.15 | AF23: In/out | AG23: =Cash!E40 -> 77.296182 | AH23: =Cash!F40 -> 490.47162 | AI23: =Cash!G40 -> 412.47034 | AJ23: =Cash!H40 -> 450.628 | AK23: =Cash!I40 -> 491.05683
M24: =IF(L24=0,0,L24+J24-1) -> 0 | N24: =IF(L24=0,0,K24/L24) -> 0 | AA24: Other C.A. | AF24: Valuaton
M25: =IF(L25=0,0,L25+J25-1) -> 0 | N25: =IF(L25=0,0,K25/L25) -> 0 | AA25: % of Sales | AC25: 0.21 | AF25: DCF | AG25: Enterprise | AH25: =Valuation!$H24 -> 5927.081
M26: =IF(L26=0,0,L26+J26-1) -> 0 | N26: =IF(L26=0,0,K26/L26) -> 0 | AA26: Incr/decr /yr | AC26: 0.06 | AG26: Equity | AH26: =Valuation!$H$27 -> 6454.507
M27: =IF(L27=0,0,L27+J27-1) -> 0 | N27: =IF(L27=0,0,K27/L27) -> 0 | AA27: Other C.L.
M28: =IF(L28=0,0,L28+J28-1) -> 0 | N28: =IF(L28=0,0,K28/L28) -> 0 | AA28: % of OpEx | AC28: 0.25 | AF28: Comps | AG28: EV/EBITDA | AH28: =ValEvEbitda*Income!$F13 -> 3364.1616
M29: =IF(L29=0,0,L29+J29-1) -> 0 | N29: =IF(L29=0,0,K29/L29) -> 0 | AA29: Incr/decr /yr | AC29: 0.05 | AG29: P/E | AH29: =ValPE*Income!F23 -> 2899.7152
M30: =IF(L30=0,0,L30+J30-1) -> 0 | N30: =IF(L30=0,0,K30/L30) -> 0
M31: =IF(L31=0,0,L31+J31-1) -> 0 | N31: =IF(L31=0,0,K31/L31) -> 0
M32: =IF(L32=0,0,L32+J32-1) -> 0 | N32: =IF(L32=0,0,K32/L32) -> 0
M33: =IF(L33=0,0,L33+J33-1) -> 0 | N33: =IF(L33=0,0,K33/L33) -> 0
M34: =IF(L34=0,0,L34+J34-1) -> 0 | N34: =IF(L34=0,0,K34/L34) -> 0
M35: =IF(L35=0,0,L35+J35-1) -> 0 | N35: =IF(L35=0,0,K35/L35) -> 0

Sheet CapEx
A1: info
C3: Capital Expense | E3: 1 | F3: 2 | G3: 3 | H3: 4 | I3: 5 | K3: 1 | L3: 2 | M3: 3 | N3: 4 | O3: 5 | P3: 6 | Q3: 7 | R3: 8 | S3: 9 | T3: 10 | U3: 11 | V3: 12 | W3: 13 | X3: 14 | Y3: 15 | Z3: 16 | AA3: 17 | AB3: 18 | AC3: 19 | AD3: 20 | AE3: 21 | AF3: 22 | AG3: 23 | AH3: 24 | AI3: 25 | AJ3: 26 | AK3: 27 | AL3: 28 | AM3: 29 | AN3: 30 | AO3: 31 | AP3: 32 | AQ3: 33 | AR3: 34 | AS3: 35 | AT3: 36 | AU3: 37 | AV3: 38 | AW3: 39 | AX3: 40 | AY3: 41 | AZ3: 42 | BA3: 43 | BB3: 44 | BC3: 45 | BD3: 46 | BE3: 47 | BF3: 48 | BG3: 49 | BH3: 50 | BI3: 51 | BJ3: 52 | BK3: 53 | BL3: 54 | BM3: 55 | BN3: 56 | BO3: 57 | BP3: 58 | BQ3: 59 | BR3: 60
C5: Facility | E5: =SUM(K5:V5) -> 0 | F5: =SUM(W5:AH5) -> 0 | G5: =SUM(AI5:AT5) -> 0 | H5: =SUM(AU5:BF5) -> 0 | I5: =SUM(BG5:BR5) -> 0 | K5: {=SUMPRODUCT(($C5=CapexCategory)*(K$3=CapexMonth)*CapexAmount)} -> 0 | L5: {=SUMPRODUCT(($C5=CapexCategory)*(L$3=CapexMonth)*CapexAmount)} -> 0 | M5: {=SUMPRODUCT(($C5=CapexCategory)*(M$3=CapexMonth)*CapexAmount)} -> 0 | N5: {=SUMPRODUCT(($C5=CapexCategory)*(N$3=CapexMonth)*CapexAmount)} -> 0 | O5: {=SUMPRODUCT(($C5=CapexCategory)*(O$3=CapexMonth)*CapexAmount)} -> 0 | P5: {=SUMPRODUCT(($C5=CapexCategory)*(P$3=CapexMonth)*CapexAmount)} -> 0 | Q5: {=SUMPRODUCT(($C5=CapexCategory)*(Q$3=CapexMonth)*CapexAmount)} -> 0 | R5: {=SUMPRODUCT(($C5=CapexCategory)*(R$3=CapexMonth)*CapexAmount)} -> 0 | ... BR5: {=SUMPRODUCT(($C5=CapexCategory)*(BR$3=CapexMonth)*CapexAmount)} -> 0
C6: Equip | E6: =SUM(K6:V6) -> 4 | F6: =SUM(W6:AH6) -> 0 | G6: =SUM(AI6:AT6) -> 0 | H6: =SUM(AU6:BF6) -> 0 | I6: =SUM(BG6:BR6) -> 0 | K6: {=SUMPRODUCT(($C6=CapexCategory)*(K$3=CapexMonth)*CapexAmount)} -> 4 | L6: {=SUMPRODUCT(($C6=CapexCategory)*(L$3=CapexMonth)*CapexAmount)} -> 0 | M6: {=SUMPRODUCT(($C6=CapexCategory)*(M$3=CapexMonth)*CapexAmount)} -> 0 | N6: {=SUMPRODUCT(($C6=CapexCategory)*(N$3=CapexMonth)*CapexAmount)} -> 0 | O6: {=SUMPRODUCT(($C6=CapexCategory)*(O$3=CapexMonth)*CapexAmount)} -> 0 | P6: {=SUMPRODUCT(($C6=CapexCategory)*(P$3=CapexMonth)*CapexAmount)} -> 0 | Q6: {=SUMPRODUCT(($C6=CapexCategory)*(Q$3=CapexMonth)*CapexAmount)} -> 0 | R6: {=SUMPRODUCT(($C6=CapexCategory)*(R$3=CapexMonth)*CapexAmount)} -> 0 | ... BR6: {=SUMPRODUCT(($C6=CapexCategory)*(BR$3=CapexMonth)*CapexAmount)} -> 0
C7: Fixture | E7: =SUM(K7:V7) -> 0 | F7: =SUM(W7:AH7) -> 0 | G7: =SUM(AI7:AT7) -> 0 | H7: =SUM(AU7:BF7) -> 0 | I7: =SUM(BG7:BR7) -> 0 | K7: {=SUMPRODUCT(($C7=CapexCategory)*(K$3=CapexMonth)*CapexAmount)} -> 0 | L7: {=SUMPRODUCT(($C7=CapexCategory)*(L$3=CapexMonth)*CapexAmount)} -> 0 | M7: {=SUMPRODUCT(($C7=CapexCategory)*(M$3=CapexMonth)*CapexAmount)} -> 0 | N7: {=SUMPRODUCT(($C7=CapexCategory)*(N$3=CapexMonth)*CapexAmount)} -> 0 | O7: {=SUMPRODUCT(($C7=CapexCategory)*(O$3=CapexMonth)*CapexAmount)} -> 0 | P7: {=SUMPRODUCT(($C7=CapexCategory)*(P$3=CapexMonth)*CapexAmount)} -> 0 | Q7: {=SUMPRODUCT(($C7=CapexCategory)*(Q$3=CapexMonth)*CapexAmount)} -> 0 | R7: {=SUMPRODUCT(($C7=CapexCategory)*(R$3=CapexMonth)*CapexAmount)} -> 0 | ... BR7: {=SUMPRODUCT(($C7=CapexCategory)*(BR$3=CapexMonth)*CapexAmount)} -> 0
C8: Intang | E8: =SUM(K8:V8) -> 100 | F8: =SUM(W8:AH8) -> 0 | G8: =SUM(AI8:AT8) -> 0 | H8: =SUM(AU8:BF8) -> 0 | I8: =SUM(BG8:BR8) -> 0 | K8: {=SUMPRODUCT(($C8=CapexCategory)*(K$3=CapexMonth)*CapexAmount)} -> 0 | L8: {=SUMPRODUCT(($C8=CapexCategory)*(L$3=CapexMonth)*CapexAmount)} -> 0 | M8: {=SUMPRODUCT(($C8=CapexCategory)*(M$3=CapexMonth)*CapexAmount)} -> 0 | N8: {=SUMPRODUCT(($C8=CapexCategory)*(N$3=CapexMonth)*CapexAmount)} -> 0 | O8: {=SUMPRODUCT(($C8=CapexCategory)*(O$3=CapexMonth)*CapexAmount)} -> 0 | P8: {=SUMPRODUCT(($C8=CapexCategory)*(P$3=CapexMonth)*CapexAmount)} -> 100 | Q8: {=SUMPRODUCT(($C8=CapexCategory)*(Q$3=CapexMonth)*CapexAmount)} -> 0 | R8: {=SUMPRODUCT(($C8=CapexCategory)*(R$3=CapexMonth)*CapexAmount)} -> 0 | ... BR8: {=SUMPRODUCT(($C8=CapexCategory)*(BR$3=CapexMonth)*CapexAmount)} -> 0
C9: Land | E9: =SUM(K9:V9) -> 50 | F9: =SUM(W9:AH9) -> 0 | G9: =SUM(AI9:AT9) -> 0 | H9: =SUM(AU9:BF9) -> 0 | I9: =SUM(BG9:BR9) -> 0 | K9: {=SUMPRODUCT(($C9=CapexCategory)*(K$3=CapexMonth)*CapexAmount)} -> 0 | L9: {=SUMPRODUCT(($C9=CapexCategory)*(L$3=CapexMonth)*CapexAmount)} -> 0 | M9: {=SUMPRODUCT(($C9=CapexCategory)*(M$3=CapexMonth)*CapexAmount)} -> 50 | N9: {=SUMPRODUCT(($C9=CapexCategory)*(N$3=CapexMonth)*CapexAmount)} -> 0 | O9: {=SUMPRODUCT(($C9=CapexCategory)*(O$3=CapexMonth)*CapexAmount)} -> 0 | P9: {=SUMPRODUCT(($C9=CapexCategory)*(P$3=CapexMonth)*CapexAmount)} -> 0 | Q9: {=SUMPRODUCT(($C9=CapexCategory)*(Q$3=CapexMonth)*CapexAmount)} -> 0 | R9: {=SUMPRODUCT(($C9=CapexCategory)*(R$3=CapexMonth)*CapexAmount)} -> 0 | ... BR9: {=SUMPRODUCT(($C9=CapexCategory)*(BR$3=CapexMonth)*CapexAmount)} -> 0
C10: All other | E10: =SUM(K10:V10) -> 0 | F10: =SUM(W10:AH10) -> 0 | G10: =SUM(AI10:AT10) -> 0 | H10: =SUM(AU10:BF10) -> 0 | I10: =SUM(BG10:BR10) -> 0 | K10: {=SUMPRODUCT( ((ISBLANK(CapexCategory) + (CapexCategory="Other"))>0) * (K$3=CapexMonth)*CapexAmount)} -> 0 | L10: {=SUMPRODUCT( ((ISBLANK(CapexCategory) + (CapexCategory="Other"))>0) * (L$3=CapexMonth)*CapexAmount)} -> 0 | M10: {=SUMPRODUCT( ((ISBLANK(CapexCategory) + (CapexCategory="Other"))>0) * (M$3=CapexMonth)*CapexAmount)} -> 0 | N10: {=SUMPRODUCT( ((ISBLANK(CapexCategory) + (CapexCategory="Other"))>0) * (N$3=CapexMonth)*CapexAmount)} -> 0 | O10: {=SUMPRODUCT( ((ISBLANK(CapexCategory) + (CapexCategory="Other"))>0) * (O$3=CapexMonth)*CapexAmount)} -> 0 | P10: {=SUMPRODUCT( ((ISBLANK(CapexCategory) + (CapexCategory="Other"))>0) * (P$3=CapexMonth)*CapexAmount)} -> 0 | Q10: {=SUMPRODUCT( ((ISBLANK(CapexCategory) + (CapexCategory="Other"))>0) * (Q$3=CapexMonth)*CapexAmount)} -> 0 | R10: {=SUMPRODUCT( ((ISBLANK(CapexCategory) + (CapexCategory="Other"))>0) * (R$3=CapexMonth)*CapexAmount)} -> 0 | ... BR10: {=SUMPRODUCT( ((ISBLANK(CapexCategory) + (CapexCategory="Other"))>0) * (BR$3=CapexMonth)*CapexAmount)} -> 0
C11: Expenditures | E11: =SUM(K11:V11) -> 154 | F11: =SUM(W11:AH11) -> 0 | G11: =SUM(AI11:AT11) -> 0 | H11: =SUM(AU11:BF11) -> 0 | I11: =SUM(BG11:BR11) -> 0 | K11: =SUM(K5:K10) -> 4 | L11: =SUM(L5:L10) -> 0 | M11: =SUM(M5:M10) -> 50 | N11: =SUM(N5:N10) -> 0 | O11: =SUM(O5:O10) -> 0 | P11: =SUM(P5:P10) -> 100 | Q11: =SUM(Q5:Q10) -> 0 | R11: =SUM(R5:R10) -> 0 | ... BR11: =SUM(BR5:BR10) -> 0
C13: Facility | E13: =SUM(K13:V13) -> 0 | F13: =SUM(W13:AH13) -> 0 | G13: =SUM(AI13:AT13) -> 0 | H13: =SUM(AU13:BF13) -> 0 | I13: =SUM(BG13:BR13) -> 0 | K13: {=SUMPRODUCT(( $C13=CapexCategory)*(K$3>=CapexMonth)*(K$3<=DeprecStop)*DeprecExp)} -> 0 | L13: {=SUMPRODUCT(( $C13=CapexCategory)*(L$3>=CapexMonth)*(L$3<=DeprecStop)*DeprecExp)} -> 0 | M13: {=SUMPRODUCT(( $C13=CapexCategory)*(M$3>=CapexMonth)*(M$3<=DeprecStop)*DeprecExp)} -> 0 | N13: {=SUMPRODUCT(( $C13=CapexCategory)*(N$3>=CapexMonth)*(N$3<=DeprecStop)*DeprecExp)} -> 0 | O13: {=SUMPRODUCT(( $C13=CapexCategory)*(O$3>=CapexMonth)*(O$3<=DeprecStop)*DeprecExp)} -> 0 | P13: {=SUMPRODUCT(( $C13=CapexCategory)*(P$3>=CapexMonth)*(P$3<=DeprecStop)*DeprecExp)} -> 0 | Q13: {=SUMPRODUCT(( $C13=CapexCategory)*(Q$3>=CapexMonth)*(Q$3<=DeprecStop)*DeprecExp)} -> 0 | R13: {=SUMPRODUCT(( $C13=CapexCategory)*(R$3>=CapexMonth)*(R$3<=DeprecStop)*DeprecExp)} -> 0 | ... BR13: {=SUMPRODUCT(( $C13=CapexCategory)*(BR$3>=CapexMonth)*(BR$3<=DeprecStop)*DeprecExp)} -> 0
C14: Equip | E14: =SUM(K14:V14) -> 4 | F14: =SUM(W14:AH14) -> 0 | G14: =SUM(AI14:AT14) -> 0 | H14: =SUM(AU14:BF14) -> 0 | I14: =SUM(BG14:BR14) -> 0 | K14: {=SUMPRODUCT(( $C14=CapexCategory)*(K$3>=CapexMonth)*(K$3<=DeprecStop)*DeprecExp)} -> 0.4 | L14: {=SUMPRODUCT(( $C14=CapexCategory)*(L$3>=CapexMonth)*(L$3<=DeprecStop)*DeprecExp)} -> 0.4 | M14: {=SUMPRODUCT(( $C14=CapexCategory)*(M$3>=CapexMonth)*(M$3<=DeprecStop)*DeprecExp)} -> 0.4 | N14: {=SUMPRODUCT(( $C14=CapexCategory)*(N$3>=CapexMonth)*(N$3<=DeprecStop)*DeprecExp)} -> 0.4 | O14: {=SUMPRODUCT(( $C14=CapexCategory)*(O$3>=CapexMonth)*(O$3<=DeprecStop)*DeprecExp)} -> 0.4 | P14: {=SUMPRODUCT(( $C14=CapexCategory)*(P$3>=CapexMonth)*(P$3<=DeprecStop)*DeprecExp)} -> 0.4 | Q14: {=SUMPRODUCT(( $C14=CapexCategory)*(Q$3>=CapexMonth)*(Q$3<=DeprecStop)*DeprecExp)} -> 0.4 | R14: {=SUMPRODUCT(( $C14=CapexCategory)*(R$3>=CapexMonth)*(R$3<=DeprecStop)*DeprecExp)} -> 0.4 | ... BR14: {=SUMPRODUCT(( $C14=CapexCategory)*(BR$3>=CapexMonth)*(BR$3<=DeprecStop)*DeprecExp)} -> 0
C15: Fixture | E15: =SUM(K15:V15) -> 0 | F15: =SUM(W15:AH15) -> 0 | G15: =SUM(AI15:AT15) -> 0 | H15: =SUM(AU15:BF15) -> 0 | I15: =SUM(BG15:BR15) -> 0 | K15: {=SUMPRODUCT(( $C15=CapexCategory)*(K$3>=CapexMonth)*(K$3<=DeprecStop)*DeprecExp)} -> 0 | L15: {=SUMPRODUCT(( $C15=CapexCategory)*(L$3>=CapexMonth)*(L$3<=DeprecStop)*DeprecExp)} -> 0 | M15: {=SUMPRODUCT(( $C15=CapexCategory)*(M$3>=CapexMonth)*(M$3<=DeprecStop)*DeprecExp)} -> 0 | N15: {=SUMPRODUCT(( $C15=CapexCategory)*(N$3>=CapexMonth)*(N$3<=DeprecStop)*DeprecExp)} -> 0 | O15: {=SUMPRODUCT(( $C15=CapexCategory)*(O$3>=CapexMonth)*(O$3<=DeprecStop)*DeprecExp)} -> 0 | P15: {=SUMPRODUCT(( $C15=CapexCategory)*(P$3>=CapexMonth)*(P$3<=DeprecStop)*DeprecExp)} -> 0 | Q15: {=SUMPRODUCT(( $C15=CapexCategory)*(Q$3>=CapexMonth)*(Q$3<=DeprecStop)*DeprecExp)} -> 0 | R15: {=SUMPRODUCT(( $C15=CapexCategory)*(R$3>=CapexMonth)*(R$3<=DeprecStop)*DeprecExp)} -> 0 | ... BR15: {=SUMPRODUCT(( $C15=CapexCategory)*(BR$3>=CapexMonth)*(BR$3<=DeprecStop)*DeprecExp)} -> 0
C16: Intang | E16: =SUM(K16:V16) -> 50 | F16: =SUM(W16:AH16) -> 50 | G16: =SUM(AI16:AT16) -> 0 | H16: =SUM(AU16:BF16) -> 0 | I16: =SUM(BG16:BR16) -> 0 | K16: {=SUMPRODUCT(( $C16=CapexCategory)*(K$3>=CapexMonth)*(K$3<=DeprecStop)*DeprecExp)} -> 0 | L16: {=SUMPRODUCT(( $C16=CapexCategory)*(L$3>=CapexMonth)*(L$3<=DeprecStop)*DeprecExp)} -> 0 | M16: {=SUMPRODUCT(( $C16=CapexCategory)*(M$3>=CapexMonth)*(M$3<=DeprecStop)*DeprecExp)} -> 0 | N16: {=SUMPRODUCT(( $C16=CapexCategory)*(N$3>=CapexMonth)*(N$3<=DeprecStop)*DeprecExp)} -> 0 | O16: {=SUMPRODUCT(( $C16=CapexCategory)*(O$3>=CapexMonth)*(O$3<=DeprecStop)*DeprecExp)} -> 0 | P16: {=SUMPRODUCT(( $C16=CapexCategory)*(P$3>=CapexMonth)*(P$3<=DeprecStop)*DeprecExp)} -> 7.1428571 | Q16: {=SUMPRODUCT(( $C16=CapexCategory)*(Q$3>=CapexMonth)*(Q$3<=DeprecStop)*DeprecExp)} -> 7.1428571 | R16: {=SUMPRODUCT(( $C16=CapexCategory)*(R$3>=CapexMonth)*(R$3<=DeprecStop)*DeprecExp)} -> 7.1428571 | ... BR16: {=SUMPRODUCT(( $C16=CapexCategory)*(BR$3>=CapexMonth)*(BR$3<=DeprecStop)*DeprecExp)} -> 0
C17: Land | K17: {=SUMPRODUCT(( $C17=CapexCategory)*(K$3>=CapexMonth)*DeprecExp)} -> 0 | L17: {=SUMPRODUCT(( $C17=CapexCategory)*(L$3>=CapexMonth)*DeprecExp)} -> 0 | M17: {=SUMPRODUCT(( $C17=CapexCategory)*(M$3>=CapexMonth)*DeprecExp)} -> 0 | N17: {=SUMPRODUCT(( $C17=CapexCategory)*(N$3>=CapexMonth)*DeprecExp)} -> 0 | O17: {=SUMPRODUCT(( $C17=CapexCategory)*(O$3>=CapexMonth)*DeprecExp)} -> 0 | P17: {=SUMPRODUCT(( $C17=CapexCategory)*(P$3>=CapexMonth)*DeprecExp)} -> 0 | Q17: {=SUMPRODUCT(( $C17=CapexCategory)*(Q$3>=CapexMonth)*DeprecExp)} -> 0 | R17: {=SUMPRODUCT(( $C17=CapexCategory)*(R$3>=CapexMonth)*DeprecExp)} -> 0 | ... BR17: {=SUMPRODUCT(( $C17=CapexCategory)*(BR$3>=CapexMonth)*DeprecExp)} -> 0
C18: All other | E18: =SUM(K18:V18) -> 0 | F18: =SUM(W18:AH18) -> 0 | G18: =SUM(AI18:AT18) -> 0 | H18: =SUM(AU18:BF18) -> 0 | I18: =SUM(BG18:BR18) -> 0 | K18: {=SUMPRODUCT( ((ISBLANK(CapexCategory) + (CapexCategory="Other"))>0) * (K$3>=CapexMonth)*(K$3<=DeprecStop)*DeprecExp)} -> 0 | L18: {=SUMPRODUCT( ((ISBLANK(CapexCategory) + (CapexCategory="Other"))>0) * (L$3>=CapexMonth)*(L$3<=DeprecStop)*DeprecExp)} -> 0 | M18: {=SUMPRODUCT( ((ISBLANK(CapexCategory) + (CapexCategory="Other"))>0) * (M$3>=CapexMonth)*(M$3<=DeprecStop)*DeprecExp)} -> 0 | N18: {=SUMPRODUCT( ((ISBLANK(CapexCategory) + (CapexCategory="Other"))>0) * (N$3>=CapexMonth)*(N$3<=DeprecStop)*DeprecExp)} -> 0 | O18: {=SUMPRODUCT( ((ISBLANK(CapexCategory) + (CapexCategory="Other"))>0) * (O$3>=CapexMonth)*(O$3<=DeprecStop)*DeprecExp)} -> 0 | P18: {=SUMPRODUCT( ((ISBLANK(CapexCategory) + (CapexCategory="Other"))>0) * (P$3>=CapexMonth)*(P$3<=DeprecStop)*DeprecExp)} -> 0 | Q18: {=SUMPRODUCT( ((ISBLANK(CapexCategory) + (CapexCategory="Other"))>0) * (Q$3>=CapexMonth)*(Q$3<=DeprecStop)*DeprecExp)} -> 0 | R18: {=SUMPRODUCT( ((ISBLANK(CapexCategory) + (CapexCategory="Other"))>0) * (R$3>=CapexMonth)*(R$3<=DeprecStop)*DeprecExp)} -> 0 | ... BR18: {=SUMPRODUCT( ((ISBLANK(CapexCategory) + (CapexCategory="Other"))>0) * (BR$3>=CapexMonth)*(BR$3<=DeprecStop)*DeprecExp)} -> 0
C19: Depreciation | E19: =SUM(K19:V19) -> 54 | F19: =SUM(W19:AH19) -> 50 | G19: =SUM(AI19:AT19) -> 0 | H19: =SUM(AU19:BF19) -> 0 | I19: =SUM(BG19:BR19) -> 0 | K19: =SUM(K13:K18) -> 0.4 | L19: =SUM(L13:L18) -> 0.4 | M19: =SUM(M13:M18) -> 0.4 | N19: =SUM(N13:N18) -> 0.4 | O19: =SUM(O13:O18) -> 0.4 | P19: =SUM(P13:P18) -> 7.5428571 | Q19: =SUM(Q13:Q18) -> 7.5428571 | R19: =SUM(R13:R18) -> 7.5428571 | ... BR19: =SUM(BR13:BR18) -> 0
C21: Facility | E21: =V21 -> 0 | F21: =AH21 -> 0 | G21: =AT21 -> 0 | H21: =BF21 -> 0 | I21: =BR21 -> 0 | K21: {=SUMPRODUCT( (CapexCategory=$C21)*(K$3>=CapexMonth) * (K$3<=DeprecStop)* ((K$3-CapexMonth+1)*-DeprecExp) )} -> 0 | L21: {=SUMPRODUCT( (CapexCategory=$C21)*(L$3>=CapexMonth) * (L$3<=DeprecStop)* ((L$3-CapexMonth+1)*-DeprecExp) )} -> 0 | M21: {=SUMPRODUCT( (CapexCategory=$C21)*(M$3>=CapexMonth) * (M$3<=DeprecStop)* ((M$3-CapexMonth+1)*-DeprecExp) )} -> 0 | N21: {=SUMPRODUCT( (CapexCategory=$C21)*(N$3>=CapexMonth) * (N$3<=DeprecStop)* ((N$3-CapexMonth+1)*-DeprecExp) )} -> 0 | O21: {=SUMPRODUCT( (CapexCategory=$C21)*(O$3>=CapexMonth) * (O$3<=DeprecStop)* ((O$3-CapexMonth+1)*-DeprecExp) )} -> 0 | P21: {=SUMPRODUCT( (CapexCategory=$C21)*(P$3>=CapexMonth) * (P$3<=DeprecStop)* ((P$3-CapexMonth+1)*-DeprecExp) )} -> 0 | Q21: {=SUMPRODUCT( (CapexCategory=$C21)*(Q$3>=CapexMonth) * (Q$3<=DeprecStop)* ((Q$3-CapexMonth+1)*-DeprecExp) )} -> 0 | R21: {=SUMPRODUCT( (CapexCategory=$C21)*(R$3>=CapexMonth) * (R$3<=DeprecStop)* ((R$3-CapexMonth+1)*-DeprecExp) )} -> 0 | ... BR21: {=SUMPRODUCT( (CapexCategory=$C21)*(BR$3>=CapexMonth) * (BR$3<=DeprecStop)* ((BR$3-CapexMonth+1)*-DeprecExp) )} -> 0
C22: Equip | E22: =V22 -> 0 | F22: =AH22 -> 0 | G22: =AT22 -> 0 | H22: =BF22 -> 0 | I22: =BR22 -> 0 | K22: {=SUMPRODUCT( (CapexCategory=$C22)*(K$3>=CapexMonth) * (K$3<=DeprecStop)* ((K$3-CapexMonth+1)*-DeprecExp) )} -> -0.4 | L22: {=SUMPRODUCT( (CapexCategory=$C22)*(L$3>=CapexMonth) * (L$3<=DeprecStop)* ((L$3-CapexMonth+1)*-DeprecExp) )} -> -0.8 | M22: {=SUMPRODUCT( (CapexCategory=$C22)*(M$3>=CapexMonth) * (M$3<=DeprecStop)* ((M$3-CapexMonth+1)*-DeprecExp) )} -> -1.2 | N22: {=SUMPRODUCT( (CapexCategory=$C22)*(N$3>=CapexMonth) * (N$3<=DeprecStop)* ((N$3-CapexMonth+1)*-DeprecExp) )} -> -1.6 | O22: {=SUMPRODUCT( (CapexCategory=$C22)*(O$3>=CapexMonth) * (O$3<=DeprecStop)* ((O$3-CapexMonth+1)*-DeprecExp) )} -> -2 | P22: {=SUMPRODUCT( (CapexCategory=$C22)*(P$3>=CapexMonth) * (P$3<=DeprecStop)* ((P$3-CapexMonth+1)*-DeprecExp) )} -> -2.4 | Q22: {=SUMPRODUCT( (CapexCategory=$C22)*(Q$3>=CapexMonth) * (Q$3<=DeprecStop)* ((Q$3-CapexMonth+1)*-DeprecExp) )} -> -2.8 | R22: {=SUMPRODUCT( (CapexCategory=$C22)*(R$3>=CapexMonth) * (R$3<=DeprecStop)* ((R$3-CapexMonth+1)*-DeprecExp) )} -> -3.2 | ... BR22: {=SUMPRODUCT( (CapexCategory=$C22)*(BR$3>=CapexMonth) * (BR$3<=DeprecStop)* ((BR$3-CapexMonth+1)*-DeprecExp) )} -> 0
C23: Fixture | E23: =V23 -> 0 | F23: =AH23 -> 0 | G23: =AT23 -> 0 | H23: =BF23 -> 0 | I23: =BR23 -> 0 | K23: {=SUMPRODUCT( (CapexCategory=$C23)*(K$3>=CapexMonth) * (K$3<=DeprecStop)* ((K$3-CapexMonth+1)*-DeprecExp) )} -> 0 | L23: {=SUMPRODUCT( (CapexCategory=$C23)*(L$3>=CapexMonth) * (L$3<=DeprecStop)* ((L$3-CapexMonth+1)*-DeprecExp) )} -> 0 | M23: {=SUMPRODUCT( (CapexCategory=$C23)*(M$3>=CapexMonth) * (M$3<=DeprecStop)* ((M$3-CapexMonth+1)*-DeprecExp) )} -> 0 | N23: {=SUMPRODUCT( (CapexCategory=$C23)*(N$3>=CapexMonth) * (N$3<=DeprecStop)* ((N$3-CapexMonth+1)*-DeprecExp) )} -> 0 | O23: {=SUMPRODUCT( (CapexCategory=$C23)*(O$3>=CapexMonth) * (O$3<=DeprecStop)* ((O$3-CapexMonth+1)*-DeprecExp) )} -> 0 | P23: {=SUMPRODUCT( (CapexCategory=$C23)*(P$3>=CapexMonth) * (P$3<=DeprecStop)* ((P$3-CapexMonth+1)*-DeprecExp) )} -> 0 | Q23: {=SUMPRODUCT( (CapexCategory=$C23)*(Q$3>=CapexMonth) * (Q$3<=DeprecStop)* ((Q$3-CapexMonth+1)*-DeprecExp) )} -> 0 | R23: {=SUMPRODUCT( (CapexCategory=$C23)*(R$3>=CapexMonth) * (R$3<=DeprecStop)* ((R$3-CapexMonth+1)*-DeprecExp) )} -> 0 | ... BR23: {=SUMPRODUCT( (CapexCategory=$C23)*(BR$3>=CapexMonth) * (BR$3<=DeprecStop)* ((BR$3-CapexMonth+1)*-DeprecExp) )} -> 0
C24: Intang | E24: =V24 -> -50 | F24: =AH24 -> 0 | G24: =AT24 -> 0 | H24: =BF24 -> 0 | I24: =BR24 -> 0 | K24: {=SUMPRODUCT( (CapexCategory=$C24)*(K$3>=CapexMonth) * (K$3<=DeprecStop)* ((K$3-CapexMonth+1)*-DeprecExp) )} -> 0 | L24: {=SUMPRODUCT( (CapexCategory=$C24)*(L$3>=CapexMonth) * (L$3<=DeprecStop)* ((L$3-CapexMonth+1)*-DeprecExp) )} -> 0 | M24: {=SUMPRODUCT( (CapexCategory=$C24)*(M$3>=CapexMonth) * (M$3<=DeprecStop)* ((M$3-CapexMonth+1)*-DeprecExp) )} -> 0 | N24: {=SUMPRODUCT( (CapexCategory=$C24)*(N$3>=CapexMonth) * (N$3<=DeprecStop)* ((N$3-CapexMonth+1)*-DeprecExp) )} -> 0 | O24: {=SUMPRODUCT( (CapexCategory=$C24)*(O$3>=CapexMonth) * (O$3<=DeprecStop)* ((O$3-CapexMonth+1)*-DeprecExp) )} -> 0 | P24: {=SUMPRODUCT( (CapexCategory=$C24)*(P$3>=CapexMonth) * (P$3<=DeprecStop)* ((P$3-CapexMonth+1)*-DeprecExp) )} -> -7.1428571 | Q24: {=SUMPRODUCT( (CapexCategory=$C24)*(Q$3>=CapexMonth) * (Q$3<=DeprecStop)* ((Q$3-CapexMonth+1)*-DeprecExp) )} -> -14.285714 | R24: {=SUMPRODUCT( (CapexCategory=$C24)*(R$3>=CapexMonth) * (R$3<=DeprecStop)* ((R$3-CapexMonth+1)*-DeprecExp) )} -> -21.428571 | ... BR24: {=SUMPRODUCT( (CapexCategory=$C24)*(BR$3>=CapexMonth) * (BR$3<=DeprecStop)* ((BR$3-CapexMonth+1)*-DeprecExp) )} -> 0
C25: Land | K25: {=SUMPRODUCT( (CapexCategory=$C25)*(K$3>=CapexMonth) * (K$3<=DeprecStop)* ((K$3-CapexMonth+1)*-DeprecExp) )} -> 0 | L25: {=SUMPRODUCT( (CapexCategory=$C25)*(L$3>=CapexMonth) * (L$3<=DeprecStop)* ((L$3-CapexMonth+1)*-DeprecExp) )} -> 0 | M25: {=SUMPRODUCT( (CapexCategory=$C25)*(M$3>=CapexMonth) * (M$3<=DeprecStop)* ((M$3-CapexMonth+1)*-DeprecExp) )} -> 0 | N25: {=SUMPRODUCT( (CapexCategory=$C25)*(N$3>=CapexMonth) * (N$3<=DeprecStop)* ((N$3-CapexMonth+1)*-DeprecExp) )} -> 0 | O25: {=SUMPRODUCT( (CapexCategory=$C25)*(O$3>=CapexMonth) * (O$3<=DeprecStop)* ((O$3-CapexMonth+1)*-DeprecExp) )} -> 0 | P25: {=SUMPRODUCT( (CapexCategory=$C25)*(P$3>=CapexMonth) * (P$3<=DeprecStop)* ((P$3-CapexMonth+1)*-DeprecExp) )} -> 0 | Q25: {=SUMPRODUCT( (CapexCategory=$C25)*(Q$3>=CapexMonth) * (Q$3<=DeprecStop)* ((Q$3-CapexMonth+1)*-DeprecExp) )} -> 0 | R25: {=SUMPRODUCT( (CapexCategory=$C25)*(R$3>=CapexMonth) * (R$3<=DeprecStop)* ((R$3-CapexMonth+1)*-DeprecExp) )} -> 0 | ... BR25: {=SUMPRODUCT( (CapexCategory=$C25)*(BR$3>=CapexMonth) * (BR$3<=DeprecStop)* ((BR$3-CapexMonth+1)*-DeprecExp) )} -> 0
C26: All other | E26: =V26 -> 0 | F26: =AH26 -> 0 | G26: =AT26 -> 0 | H26: =BF26 -> 0 | I26: =BR26 -> 0 | K26: {=SUMPRODUCT( ((ISBLANK(CapexCategory) + (CapexCategory="Other"))>0) *(K$3>=CapexMonth) * (K$3<=DeprecStop)* ((K$3-CapexMonth+1)*-DeprecExp) )} -> 0 | L26: {=SUMPRODUCT( ((ISBLANK(CapexCategory) + (CapexCategory="Other"))>0) *(L$3>=CapexMonth) * (L$3<=DeprecStop)* ((L$3-CapexMonth+1)*-DeprecExp) )} -> 0 | M26: {=SUMPRODUCT( ((ISBLANK(CapexCategory) + (CapexCategory="Other"))>0) *(M$3>=CapexMonth) * (M$3<=DeprecStop)* ((M$3-CapexMonth+1)*-DeprecExp) )} -> 0 | N26: {=SUMPRODUCT( ((ISBLANK(CapexCategory) + (CapexCategory="Other"))>0) *(N$3>=CapexMonth) * (N$3<=DeprecStop)* ((N$3-CapexMonth+1)*-DeprecExp) )} -> 0 | O26: {=SUMPRODUCT( ((ISBLANK(CapexCategory) + (CapexCategory="Other"))>0) *(O$3>=CapexMonth) * (O$3<=DeprecStop)* ((O$3-CapexMonth+1)*-DeprecExp) )} -> 0 | P26: {=SUMPRODUCT( ((ISBLANK(CapexCategory) + (CapexCategory="Other"))>0) *(P$3>=CapexMonth) * (P$3<=DeprecStop)* ((P$3-CapexMonth+1)*-DeprecExp) )} -> 0 | Q26: {=SUMPRODUCT( ((ISBLANK(CapexCategory) + (CapexCategory="Other"))>0) *(Q$3>=CapexMonth) * (Q$3<=DeprecStop)* ((Q$3-CapexMonth+1)*-DeprecExp) )} -> 0 | R26: {=SUMPRODUCT( ((ISBLANK(CapexCategory) + (CapexCategory="Other"))>0) *(R$3>=CapexMonth) * (R$3<=DeprecStop)* ((R$3-CapexMonth+1)*-DeprecExp) )} -> 0 | ... BR26: {=SUMPRODUCT( ((ISBLANK(CapexCategory) + (CapexCategory="Other"))>0) *(BR$3>=CapexMonth) * (BR$3<=DeprecStop)* ((BR$3-CapexMonth+1)*-DeprecExp) )} -> 0
C27: Accum. Depreciation | E27: =V27 -> -50 | F27: =AH27 -> 0 | G27: =AT27 -> 0 | H27: =BF27 -> 0 | I27: =BR27 -> 0 | K27: =SUM(K21:K26) -> -0.4 | L27: =SUM(L21:L26) -> -0.8 | M27: =SUM(M21:M26) -> -1.2 | N27: =SUM(N21:N26) -> -1.6 | O27: =SUM(O21:O26) -> -2 | P27: =SUM(P21:P26) -> -9.5428571 | Q27: =SUM(Q21:Q26) -> -17.085714 | R27: =SUM(R21:R26) -> -24.628571 | ... BR27: =SUM(BR21:BR26) -> 0
C29: Facility | E29: =V29 -> 0 | F29: =AH29 -> 0 | G29: =AT29 -> 0 | H29: =BF29 -> 0 | I29: =BR29 -> 0 | K29: {=SUMPRODUCT( (CapexCategory=$C29)* (K$3>=CapexMonth) * (K$3<=DeprecStop) * CapexAmount)} -> 0 | L29: {=SUMPRODUCT( (CapexCategory=$C29)* (L$3>=CapexMonth) * CapexAmount)} -> 0 | M29: {=SUMPRODUCT( (CapexCategory=$C29)* (M$3>=CapexMonth) * CapexAmount)} -> 0 | N29: {=SUMPRODUCT( (CapexCategory=$C29)* (N$3>=CapexMonth) * CapexAmount)} -> 0 | O29: {=SUMPRODUCT( (CapexCategory=$C29)* (O$3>=CapexMonth) * CapexAmount)} -> 0 | P29: {=SUMPRODUCT( (CapexCategory=$C29)* (P$3>=CapexMonth) * CapexAmount)} -> 0 | Q29: {=SUMPRODUCT( (CapexCategory=$C29)* (Q$3>=CapexMonth) * CapexAmount)} -> 0 | R29: {=SUMPRODUCT( (CapexCategory=$C29)* (R$3>=CapexMonth) * CapexAmount)} -> 0 | S29: {=SUMPRODUCT( (CapexCategory=$C29)* (S$3>=CapexMonth) * CapexAmount)} -> 0 | ... BR29: {=SUMPRODUCT( (CapexCategory=$C29)* (BR$3>=CapexMonth) * CapexAmount)} -> 0
C30: Equip | E30: =V30 -> 0 | F30: =AH30 -> 0 | G30: =AT30 -> 0 | H30: =BF30 -> 0 | I30: =BR30 -> 0 | K30: {=SUMPRODUCT( (CapexCategory=$C30)* (K$3>=CapexMonth) * (K$3<=DeprecStop) * CapexAmount)} -> 4 | L30: {=SUMPRODUCT( (CapexCategory=$C30)* (L$3>=CapexMonth) * (L$3<=DeprecStop) * CapexAmount)} -> 4 | M30: {=SUMPRODUCT( (CapexCategory=$C30)* (M$3>=CapexMonth) * (M$3<=DeprecStop) * CapexAmount)} -> 4 | N30: {=SUMPRODUCT( (CapexCategory=$C30)* (N$3>=CapexMonth) * (N$3<=DeprecStop) * CapexAmount)} -> 4 | O30: {=SUMPRODUCT( (CapexCategory=$C30)* (O$3>=CapexMonth) * (O$3<=DeprecStop) * CapexAmount)} -> 4 | P30: {=SUMPRODUCT( (CapexCategory=$C30)* (P$3>=CapexMonth) * (P$3<=DeprecStop) * CapexAmount)} -> 4 | Q30: {=SUMPRODUCT( (CapexCategory=$C30)* (Q$3>=CapexMonth) * (Q$3<=DeprecStop) * CapexAmount)} -> 4 | R30: {=SUMPRODUCT( (CapexCategory=$C30)* (R$3>=CapexMonth) * (R$3<=DeprecStop) * CapexAmount)} -> 4 | ... BR30: {=SUMPRODUCT( (CapexCategory=$C30)* (BR$3>=CapexMonth) * (BR$3<=DeprecStop) * CapexAmount)} -> 0
C31: Fixture | E31: =V31 -> 0 | F31: =AH31 -> 0 | G31: =AT31 -> 0 | H31: =BF31 -> 0 | I31: =BR31 -> 0 | K31: {=SUMPRODUCT( (CapexCategory=$C31)* (K$3>=CapexMonth) * (K$3<=DeprecStop) * CapexAmount)} -> 0 | L31: {=SUMPRODUCT( (CapexCategory=$C31)* (L$3>=CapexMonth) * (L$3<=DeprecStop) * CapexAmount)} -> 0 | M31: {=SUMPRODUCT( (CapexCategory=$C31)* (M$3>=CapexMonth) * (M$3<=DeprecStop) * CapexAmount)} -> 0 | N31: {=SUMPRODUCT( (CapexCategory=$C31)* (N$3>=CapexMonth) * (N$3<=DeprecStop) * CapexAmount)} -> 0 | O31: {=SUMPRODUCT( (CapexCategory=$C31)* (O$3>=CapexMonth) * (O$3<=DeprecStop) * CapexAmount)} -> 0 | P31: {=SUMPRODUCT( (CapexCategory=$C31)* (P$3>=CapexMonth) * (P$3<=DeprecStop) * CapexAmount)} -> 0 | Q31: {=SUMPRODUCT( (CapexCategory=$C31)* (Q$3>=CapexMonth) * (Q$3<=DeprecStop) * CapexAmount)} -> 0 | R31: {=SUMPRODUCT( (CapexCategory=$C31)* (R$3>=CapexMonth) * (R$3<=DeprecStop) * CapexAmount)} -> 0 | ... BR31: {=SUMPRODUCT( (CapexCategory=$C31)* (BR$3>=CapexMonth) * (BR$3<=DeprecStop) * CapexAmount)} -> 0
C32: Intang | E32: =V32 -> 100 | F32: =AH32 -> 0 | G32: =AT32 -> 0 | H32: =BF32 -> 0 | I32: =BR32 -> 0 | K32: {=SUMPRODUCT( (CapexCategory=$C32)* (K$3>=CapexMonth) * (K$3<=DeprecStop) * CapexAmount)} -> 0 | L32: {=SUMPRODUCT( (CapexCategory=$C32)* (L$3>=CapexMonth) * (L$3<=DeprecStop) * CapexAmount)} -> 0 | M32: {=SUMPRODUCT( (CapexCategory=$C32)* (M$3>=CapexMonth) * (M$3<=DeprecStop) * CapexAmount)} -> 0 | N32: {=SUMPRODUCT( (CapexCategory=$C32)* (N$3>=CapexMonth) * (N$3<=DeprecStop) * CapexAmount)} -> 0 | O32: {=SUMPRODUCT( (CapexCategory=$C32)* (O$3>=CapexMonth) * (O$3<=DeprecStop) * CapexAmount)} -> 0 | P32: {=SUMPRODUCT( (CapexCategory=$C32)* (P$3>=CapexMonth) * (P$3<=DeprecStop) * CapexAmount)} -> 100 | Q32: {=SUMPRODUCT( (CapexCategory=$C32)* (Q$3>=CapexMonth) * (Q$3<=DeprecStop) * CapexAmount)} -> 100 | R32: {=SUMPRODUCT( (CapexCategory=$C32)* (R$3>=CapexMonth) * (R$3<=DeprecStop) * CapexAmount)} -> 100 | ... BR32: {=SUMPRODUCT( (CapexCategory=$C32)* (BR$3>=CapexMonth) * (BR$3<=DeprecStop) * CapexAmount)} -> 0
C33: Land | E33: =V33 -> 50 | F33: =AH33 -> 50 | G33: =AT33 -> 50 | H33: =BF33 -> 50 | I33: =BR33 -> 50 | K33: {=SUMPRODUCT( (CapexCategory=$C33)* (K$3>=CapexMonth) * (K$3<=DeprecStop) * CapexAmount)} -> 0 | L33: {=SUMPRODUCT( (CapexCategory=$C33)* (L$3>=CapexMonth) * CapexAmount)} -> 0 | M33: {=SUMPRODUCT( (CapexCategory=$C33)* (M$3>=CapexMonth) * CapexAmount)} -> 50 | N33: {=SUMPRODUCT( (CapexCategory=$C33)* (N$3>=CapexMonth) * CapexAmount)} -> 50 | O33: {=SUMPRODUCT( (CapexCategory=$C33)* (O$3>=CapexMonth) * CapexAmount)} -> 50 | P33: {=SUMPRODUCT( (CapexCategory=$C33)* (P$3>=CapexMonth) * CapexAmount)} -> 50 | Q33: {=SUMPRODUCT( (CapexCategory=$C33)* (Q$3>=CapexMonth) * CapexAmount)} -> 50 | R33: {=SUMPRODUCT( (CapexCategory=$C33)* (R$3>=CapexMonth) * CapexAmount)} -> 50 | S33: {=SUMPRODUCT( (CapexCategory=$C33)* (S$3>=CapexMonth) * CapexAmount)} -> 50 | ... BR33: {=SUMPRODUCT( (CapexCategory=$C33)* (BR$3>=CapexMonth) * CapexAmount)} -> 50
C34: All other | E34: =V34 -> 0 | F34: =AH34 -> 0 | G34: =AT34 -> 0 | H34: =BF34 -> 0 | I34: =BR34 -> 0 | K34: {=SUMPRODUCT( ((ISBLANK(CapexCategory) + (CapexCategory="Other"))>0) * (K$3>=CapexMonth) * (K$3<=DeprecStop) * CapexAmount)} -> 0 | L34: {=SUMPRODUCT( ((ISBLANK(CapexCategory) + (CapexCategory="Other"))>0) * (L$3>=CapexMonth) * (L$3<=DeprecStop) * CapexAmount)} -> 0 | M34: {=SUMPRODUCT( ((ISBLANK(CapexCategory) + (CapexCategory="Other"))>0) * (M$3>=CapexMonth) * (M$3<=DeprecStop) * CapexAmount)} -> 0 | N34: {=SUMPRODUCT( ((ISBLANK(CapexCategory) + (CapexCategory="Other"))>0) * (N$3>=CapexMonth) * (N$3<=DeprecStop) * CapexAmount)} -> 0 | O34: {=SUMPRODUCT( ((ISBLANK(CapexCategory) + (CapexCategory="Other"))>0) * (O$3>=CapexMonth) * (O$3<=DeprecStop) * CapexAmount)} -> 0 | P34: {=SUMPRODUCT( ((ISBLANK(CapexCategory) + (CapexCategory="Other"))>0) * (P$3>=CapexMonth) * (P$3<=DeprecStop) * CapexAmount)} -> 0 | Q34: {=SUMPRODUCT( ((ISBLANK(CapexCategory) + (CapexCategory="Other"))>0) * (Q$3>=CapexMonth) * (Q$3<=DeprecStop) * CapexAmount)} -> 0 | R34: {=SUMPRODUCT( ((ISBLANK(CapexCategory) + (CapexCategory="Other"))>0) * (R$3>=CapexMonth) * (R$3<=DeprecStop) * CapexAmount)} -> 0 | ... BR34: {=SUMPRODUCT( ((ISBLANK(CapexCategory) + (CapexCategory="Other"))>0) * (BR$3>=CapexMonth) * (BR$3<=DeprecStop) * CapexAmount)} -> 0
C35: Balance | E35: =V35 -> 150 | F35: =AH35 -> 50 | G35: =AT35 -> 50 | H35: =BF35 -> 50 | I35: =BR35 -> 50 | K35: =SUM(K29:K34) -> 4 | L35: =SUM(L29:L34) -> 4 | M35: =SUM(M29:M34) -> 54 | N35: =SUM(N29:N34) -> 54 | O35: =SUM(O29:O34) -> 54 | P35: =SUM(P29:P34) -> 154 | Q35: =SUM(Q29:Q34) -> 154 | R35: =SUM(R29:R34) -> 154 | ... BR35: =SUM(BR29:BR34) -> 50

Sheet Income
A1: info
C3: Profit & Loss | E3: 1 | F3: 2 | G3: 3 | H3: 4 | I3: 5 | K3: 1 | L3: 2 | M3: 3 | N3: 4 | O3: 5 | P3: 6 | Q3: 7 | R3: 8 | S3: 9 | T3: 10 | U3: 11 | V3: 12 | W3: 13 | X3: 14 | Y3: 15 | Z3: 16 | AA3: 17 | AB3: 18 | AC3: 19 | AD3: 20 | AE3: 21 | AF3: 22 | AG3: 23 | AH3: 24 | AI3: 25 | AJ3: 26 | AK3: 27 | AL3: 28 | AM3: 29 | AN3: 30 | AO3: 31 | AP3: 32 | AQ3: 33 | AR3: 34 | AS3: 35 | AT3: 36 | AU3: 37 | AV3: 38 | AW3: 39 | AX3: 40 | AY3: 41 | AZ3: 42 | BA3: 43 | BB3: 44 | BC3: 45 | BD3: 46 | BE3: 47 | BF3: 48 | BG3: 49 | BH3: 50 | BI3: 51 | BJ3: 52 | BK3: 53 | BL3: 54 | BM3: 55 | BN3: 56 | BO3: 57 | BP3: 58 | BQ3: 59 | BR3: 60
C5: Units | K5: =SUM(Units)/12*(1+SUMPRODUCT(Units,UnitsCAGR)/SUM(Units))^((K3-1)/12) -> 52.5 | L5: =SUM(Units)/12*(1+SUMPRODUCT(Units,UnitsCAGR)/SUM(Units))^((L3-1)/12) -> 52.727155 | M5: =SUM(Units)/12*(1+SUMPRODUCT(Units,UnitsCAGR)/SUM(Units))^((M3-1)/12) -> 52.955292 | N5: =SUM(Units)/12*(1+SUMPRODUCT(Units,UnitsCAGR)/SUM(Units))^((N3-1)/12) -> 53.184416 | O5: =SUM(Units)/12*(1+SUMPRODUCT(Units,UnitsCAGR)/SUM(Units))^((O3-1)/12) -> 53.414532 | P5: =SUM(Units)/12*(1+SUMPRODUCT(Units,UnitsCAGR)/SUM(Units))^((P3-1)/12) -> 53.645644 | Q5: =SUM(Units)/12*(1+SUMPRODUCT(Units,UnitsCAGR)/SUM(Units))^((Q3-1)/12) -> 53.877755 | R5: =SUM(Units)/12*(1+SUMPRODUCT(Units,UnitsCAGR)/SUM(Units))^((R3-1)/12) -> 54.110871 | ... BR5: =SUM(Units)/12*(1+SUMPRODUCT(Units,UnitsCAGR)/SUM(Units))^((BR3-1)/12) -> 67.730793
C6: Revenue | E6: =SUM(K6:V6) -> 5788.4603 | F6: =SUM(W6:AH6) -> 6096.2594 | G6: =SUM(AI6:AT6) -> 6420.4256 | H6: =SUM(AU6:BF6) -> 6761.8291 | I6: =SUM(BG6:BR6) -> 7121.3867 | K6: =SUMPRODUCT(Price,Units)/SUM(Units)*K5 -> 471 | L6: =SUMPRODUCT(Price,Units)/SUM(Units)*L5 -> 473.0379 | M6: =SUMPRODUCT(Price,Units)/SUM(Units)*M5 -> 475.08462 | N6: =SUMPRODUCT(Price,Units)/SUM(Units)*N5 -> 477.14019 | O6: =SUMPRODUCT(Price,Units)/SUM(Units)*O5 -> 479.20466 | P6: =SUMPRODUCT(Price,Units)/SUM(Units)*P5 -> 481.27806 | Q6: =SUMPRODUCT(Price,Units)/SUM(Units)*Q5 -> 483.36043 | R6: =SUMPRODUCT(Price,Units)/SUM(Units)*R5 -> 485.45181 | ... BR6: =SUMPRODUCT(Price,Units)/SUM(Units)*BR5 -> 607.64197
C7: COGS | E7: =SUM(K7:V7) -> 4298.536 | F7: =SUM(W7:AH7) -> 4527.109 | G7: =SUM(AI7:AT7) -> 4767.8362 | H7: =SUM(AU7:BF7) -> 5021.364 | I7: =SUM(BG7:BR7) -> 5288.373 | K7: =SUMPRODUCT(COGS,Units)/SUM(Units)*K5 -> 349.76667 | L7: =SUMPRODUCT(COGS,Units)/SUM(Units)*L5 -> 351.28002 | M7: =SUMPRODUCT(COGS,Units)/SUM(Units)*M5 -> 352.79992 | N7: =SUMPRODUCT(COGS,Units)/SUM(Units)*N5 -> 354.3264 | O7: =SUMPRODUCT(COGS,Units)/SUM(Units)*O5 -> 355.85948 | P7: =SUMPRODUCT(COGS,Units)/SUM(Units)*P5 -> 357.3992 | Q7: =SUMPRODUCT(COGS,Units)/SUM(Units)*Q5 -> 358.94558 | R7: =SUMPRODUCT(COGS,Units)/SUM(Units)*R5 -> 360.49865 | ... BR7: =SUMPRODUCT(COGS,Units)/SUM(Units)*BR5 -> 451.23759
C8: Gross Margin | E8: =SUM(K8:V8) -> 1489.9243 | F8: =SUM(W8:AH8) -> 1569.1504 | G8: =SUM(AI8:AT8) -> 1652.5894 | H8: =SUM(AU8:BF8) -> 1740.4652 | I8: =SUM(BG8:BR8) -> 1833.0137 | K8: =K6-K7 -> 121.23333 | L8: =L6-L7 -> 121.75788 | M8: =M6-M7 -> 122.2847 | N8: =N6-N7 -> 122.81379 | O8: =O6-O7 -> 123.34518 | P8: =P6-P7 -> 123.87886 | Q8: =Q6-Q7 -> 124.41485 | R8: =R6-R7 -> 124.95317 | ... BR8: =BR6-BR7 -> 156.40438
C9: Gross Margin % | E9: =E8/E6 -> 0.25739561 | F9: =F8/F6 -> 0.25739561 | G9: =G8/G6 -> 0.25739561 | H9: =H8/H6 -> 0.25739561 | I9: =I8/I6 -> 0.25739561 | K9: =K8/K6 -> 0.25739561 | L9: =L8/L6 -> 0.25739561 | M9: =M8/M6 -> 0.25739561 | N9: =N8/N6 -> 0.25739561 | O9: =O8/O6 -> 0.25739561 | P9: =P8/P6 -> 0.25739561 | Q9: =Q8/Q6 -> 0.25739561 | R9: =R8/R6 -> 0.25739561 | ... BR9: =BR8/BR6 -> 0.25739561
C10: Payroll | E10: =SUM(K10:V10) -> 379.31815 | F10: =SUM(W10:AH10) -> 384.41932 | G10: =SUM(AI10:AT10) -> 389.5891 | H10: =SUM(AU10:BF10) -> 394.8284 | I10: =SUM(BG10:BR10) -> 400.13816 | K10: =SUMPRODUCT(PaySalary,PayFTE)/12*(1+PayLoad)*(1+SUMPRODUCT(PayFTE,PaySalary,PayCAGR)/SUMPRODUCT(PayFTE,PaySalary))^((K3-1)/12) -> 31.416667 | L10: =SUMPRODUCT(PaySalary,PayFTE)/12*(1+PayLoad)*(1+SUMPRODUCT(PayFTE,PaySalary,PayCAGR)/SUMPRODUCT(PayFTE,PaySalary))^((L3-1)/12) -> 31.45166 | M10: =SUMPRODUCT(PaySalary,PayFTE)/12*(1+PayLoad)*(1+SUMPRODUCT(PayFTE,PaySalary,PayCAGR)/SUMPRODUCT(PayFTE,PaySalary))^((M3-1)/12) -> 31.486692 | N10: =SUMPRODUCT(PaySalary,PayFTE)/12*(1+PayLoad)*(1+SUMPRODUCT(PayFTE,PaySalary,PayCAGR)/SUMPRODUCT(PayFTE,PaySalary))^((N3-1)/12) -> 31.521763 | O10: =SUMPRODUCT(PaySalary,PayFTE)/12*(1+PayLoad)*(1+SUMPRODUCT(PayFTE,PaySalary,PayCAGR)/SUMPRODUCT(PayFTE,PaySalary))^((O3-1)/12) -> 31.556873 | P10: =SUMPRODUCT(PaySalary,PayFTE)/12*(1+PayLoad)*(1+SUMPRODUCT(PayFTE,PaySalary,PayCAGR)/SUMPRODUCT(PayFTE,PaySalary))^((P3-1)/12) -> 31.592023 | Q10: =SUMPRODUCT(PaySalary,PayFTE)/12*(1+PayLoad)*(1+SUMPRODUCT(PayFTE,PaySalary,PayCAGR)/SUMPRODUCT(PayFTE,PaySalary))^((Q3-1)/12) -> 31.627211 | R10: =SUMPRODUCT(PaySalary,PayFTE)/12*(1+PayLoad)*(1+SUMPRODUCT(PayFTE,PaySalary,PayCAGR)/SUMPRODUCT(PayFTE,PaySalary))^((R3-1)/12) -> 31.662439 | ... BR10: =SUMPRODUCT(PaySalary,PayFTE)/12*(1+PayLoad)*(1+SUMPRODUCT(PayFTE,PaySalary,PayCAGR)/SUMPRODUCT(PayFTE,PaySalary))^((BR3-1)/12) -> 33.549386
C11: Overhead | E11: =SUM(K11:V11) -> 496.79223 | F11: =SUM(W11:AH11) -> 511.89877 | G11: =SUM(AI11:AT11) -> 527.46467 | H11: =SUM(AU11:BF11) -> 543.5039 | I11: =SUM(BG11:BR11) -> 560.03086 | K11: =SUM(Overhead)/12*(1+SUMPRODUCT(Overhead,OverheadCAGR)/SUM(Overhead))^((K3-1)/12) -> 40.833333 | L11: =SUM(Overhead)/12*(1+SUMPRODUCT(Overhead,OverheadCAGR)/SUM(Overhead))^((L3-1)/12) -> 40.935391 | M11: =SUM(Overhead)/12*(1+SUMPRODUCT(Overhead,OverheadCAGR)/SUM(Overhead))^((M3-1)/12) -> 41.037703 | N11: =SUM(Overhead)/12*(1+SUMPRODUCT(Overhead,OverheadCAGR)/SUM(Overhead))^((N3-1)/12) -> 41.140272 | O11: =SUM(Overhead)/12*(1+SUMPRODUCT(Overhead,OverheadCAGR)/SUM(Overhead))^((O3-1)/12) -> 41.243096 | P11: =SUM(Overhead)/12*(1+SUMPRODUCT(Overhead,OverheadCAGR)/SUM(Overhead))^((P3-1)/12) -> 41.346178 | Q11: =SUM(Overhead)/12*(1+SUMPRODUCT(Overhead,OverheadCAGR)/SUM(Overhead))^((Q3-1)/12) -> 41.449517 | R11: =SUM(Overhead)/12*(1+SUMPRODUCT(Overhead,OverheadCAGR)/SUM(Overhead))^((R3-1)/12) -> 41.553115 | ... BR11: =SUM(Overhead)/12*(1+SUMPRODUCT(Overhead,OverheadCAGR)/SUM(Overhead))^((BR3-1)/12) -> 47.31264
C12: Operating expense | E12: =SUM(K12:V12) -> 876.11038 | F12: =SUM(W12:AH12) -> 896.31809 | G12: =SUM(AI12:AT12) -> 917.05377 | H12: =SUM(AU12:BF12) -> 938.3323 | I12: =SUM(BG12:BR12) -> 960.16902 | K12: {=SUM(+K10:K11)} -> 72.25 | L12: =SUM(L10:L11) -> 72.387051 | M12: =SUM(M10:M11) -> 72.524395 | N12: =SUM(N10:N11) -> 72.662035 | O12: =SUM(O10:O11) -> 72.79997 | P12: =SUM(P10:P11) -> 72.938201 | Q12: =SUM(Q10:Q11) -> 73.076729 | R12: =SUM(R10:R11) -> 73.215554 | S12: =SUM(S10:S11) -> 73.354677 | ... BR12: =SUM(BR10:BR11) -> 80.862026
C13: EBITDA | E13: =SUM(K13:V13) -> 613.81391 | F13: =SUM(W13:AH13) -> 672.83233 | G13: =SUM(AI13:AT13) -> 735.5356 | H13: =SUM(AU13:BF13) -> 802.13285 | I13: =SUM(BG13:BR13) -> 872.84468 | K13: =K8-K12 -> 48.983333 | L13: =L8-L12 -> 49.370829 | M13: =M8-M12 -> 49.760301 | N13: =N8-N12 -> 50.151757 | O13: =O8-O12 -> 50.545207 | P13: =P8-P12 -> 50.94066 | Q13: =Q8-Q12 -> 51.338126 | R13: =R8-R12 -> 51.737613 | ... BR13: =BR8-BR12 -> 75.542351
C14: Facilities | E14: =SUM(K14:V14) -> 0 | F14: =SUM(W14:AH14) -> 0 | G14: =SUM(AI14:AT14) -> 0 | H14: =SUM(AU14:BF14) -> 0 | I14: =SUM(BG14:BR14) -> 0 | K14: =CapEx!K13 -> 0 | L14: =CapEx!L13 -> 0 | M14: =CapEx!M13 -> 0 | N14: =CapEx!N13 -> 0 | O14: =CapEx!O13 -> 0 | P14: =CapEx!P13 -> 0 | Q14: =CapEx!Q13 -> 0 | R14: =CapEx!R13 -> 0 | ... BR14: =CapEx!BR13 -> 0
C15: Equipment | E15: =SUM(K15:V15) -> 4 | F15: =SUM(W15:AH15) -> 0 | G15: =SUM(AI15:AT15) -> 0 | H15: =SUM(AU15:BF15) -> 0 | I15: =SUM(BG15:BR15) -> 0 | K15: =CapEx!K14 -> 0.4 | L15: =CapEx!L14 -> 0.4 | M15: =CapEx!M14 -> 0.4 | N15: =CapEx!N14 -> 0.4 | O15: =CapEx!O14 -> 0.4 | P15: =CapEx!P14 -> 0.4 | Q15: =CapEx!Q14 -> 0.4 | R15: =CapEx!R14 -> 0.4 | ... BR15: =CapEx!BR14 -> 0
C16: Fixtures | E16: =SUM(K16:V16) -> 0 | F16: =SUM(W16:AH16) -> 0 | G16: =SUM(AI16:AT16) -> 0 | H16: =SUM(AU16:BF16) -> 0 | I16: =SUM(BG16:BR16) -> 0 | K16: =CapEx!K15 -> 0 | L16: =CapEx!L15 -> 0 | M16: =CapEx!M15 -> 0 | N16: =CapEx!N15 -> 0 | O16: =CapEx!O15 -> 0 | P16: =CapEx!P15 -> 0 | Q16: =CapEx!Q15 -> 0 | R16: =CapEx!R15 -> 0 | ... BR16: =CapEx!BR15 -> 0
C17: Intangibles | E17: =SUM(K17:V17) -> 50 | F17: =SUM(W17:AH17) -> 50 | G17: =SUM(AI17:AT17) -> 0 | H17: =SUM(AU17:BF17) -> 0 | I17: =SUM(BG17:BR17) -> 0 | K17: =CapEx!K16 -> 0 | L17: =CapEx!L16 -> 0 | M17: =CapEx!M16 -> 0 | N17: =CapEx!N16 -> 0 | O17: =CapEx!O16 -> 0 | P17: =CapEx!P16 -> 7.1428571 | Q17: =CapEx!Q16 -> 7.1428571 | R17: =CapEx!R16 -> 7.1428571 | ... BR17: =CapEx!BR16 -> 0
C18: =CapEx!C18 -> All other | E18: =SUM(K18:V18) -> 0 | F18: =SUM(W18:AH18) -> 0 | G18: =SUM(AI18:AT18) -> 0 | H18: =SUM(AU18:BF18) -> 0 | I18: =SUM(BG18:BR18) -> 0 | K18: =CapEx!K18 -> 0 | L18: =CapEx!L18 -> 0 | M18: =CapEx!M18 -> 0 | N18: =CapEx!N18 -> 0 | O18: =CapEx!O18 -> 0 | P18: =CapEx!P18 -> 0 | Q18: =CapEx!Q18 -> 0 | R18: =CapEx!R18 -> 0 | ... BR18: =CapEx!BR18 -> 0
C19: Depreciation expense | E19: =SUM(K19:V19) -> 54 | F19: =SUM(W19:AH19) -> 50 | G19: =SUM(AI19:AT19) -> 0 | H19: =SUM(AU19:BF19) -> 0 | I19: =SUM(BG19:BR19) -> 0 | K19: =SUM(K14:K18) -> 0.4 | L19: =SUM(L14:L18) -> 0.4 | M19: =SUM(M14:M18) -> 0.4 | N19: =SUM(N14:N18) -> 0.4 | O19: =SUM(O14:O18) -> 0.4 | P19: =SUM(P14:P18) -> 7.5428571 | Q19: =SUM(Q14:Q18) -> 7.5428571 | R19: =SUM(R14:R18) -> 7.5428571 | ... BR19: =SUM(BR14:BR18) -> 0
C20: EBIT | E20: =SUM(K20:V20) -> 559.81391 | F20: =SUM(W20:AH20) -> 622.83233 | G20: =SUM(AI20:AT20) -> 735.5356 | H20: =SUM(AU20:BF20) -> 802.13285 | I20: =SUM(BG20:BR20) -> 872.84468 | K20: =K13-K19 -> 48.583333 | L20: =L13-L19 -> 48.970829 | M20: =M13-M19 -> 49.360301 | N20: =N13-N19 -> 49.751757 | O20: =O13-O19 -> 50.145207 | P20: =P13-P19 -> 43.397803 | Q20: =Q13-Q19 -> 43.795268 | R20: =R13-R19 -> 44.194756 | ... BR20: =BR13-BR19 -> 75.542351
C21: Interest expense | E21: =SUM(K21:V21) -> 13.679167 | F21: =SUM(W21:AH21) -> 18.725 | G21: =SUM(AI21:AT21) -> 18.725 | H21: =SUM(AU21:BF21) -> 18.725 | I21: =SUM(BG21:BR21) -> 18.725 | K21: =SUM(Cash!K24:K25) -> 1.0208333 | L21: =SUM(Cash!L24:L25) -> 1.0208333 | M21: =SUM(Cash!M24:M25) -> 1.0208333 | N21: =SUM(Cash!N24:N25) -> 1.0208333 | O21: =SUM(Cash!O24:O25) -> 1.0208333 | P21: =SUM(Cash!P24:P25) -> 1.225 | Q21: =SUM(Cash!Q24:Q25) -> 1.225 | R21: =SUM(Cash!R24:R25) -> 1.225 | ... BR21: =SUM(Cash!BR24:BR25) -> 1.5604167
C22: Income taxes | E22: =SUM(K22:V22) -> 218.4539 | F22: =SUM(W22:AH22) -> 241.64293 | G22: =SUM(AI22:AT22) -> 286.72424 | H22: =SUM(AU22:BF22) -> 313.36314 | I22: =SUM(BG22:BR22) -> 341.64787 | K22: =(SUM(K20:K20)-K21)*Taxes -> 19.025 | L22: =(SUM(L20:L20)-L21)*Taxes -> 19.179998 | M22: =(SUM(M20:M20)-M21)*Taxes -> 19.335787 | N22: =(SUM(N20:N20)-N21)*Taxes -> 19.492369 | O22: =(SUM(O20:O20)-O21)*Taxes -> 19.649749 | P22: =(SUM(P20:P20)-P21)*Taxes -> 16.869121 | Q22: =(SUM(Q20:Q20)-Q21)*Taxes -> 17.028107 | R22: =(SUM(R20:R20)-R21)*Taxes -> 17.187902 | ... BR22: =(SUM(BR20:BR20)-BR21)*Taxes -> 29.592774
C23: Net Earnings | E23: =SUM(K23:V23) -> 327.68084 | F23: =SUM(W23:AH23) -> 362.4644 | G23: =SUM(AI23:AT23) -> 430.08636 | H23: =SUM(AU23:BF23) -> 470.04471 | I23: =SUM(BG23:BR23) -> 512.47181 | K23: =SUM(K20:K20)-SUM(K21:K22) -> 28.5375 | L23: =SUM(L20:L20)-SUM(L21:L22) -> 28.769998 | M23: =SUM(M20:M20)-SUM(M21:M22) -> 29.003681 | N23: =SUM(N20:N20)-SUM(N21:N22) -> 29.238554 | O23: =SUM(O20:O20)-SUM(O21:O22) -> 29.474624 | P23: =SUM(P20:P20)-SUM(P21:P22) -> 25.303682 | Q23: =SUM(Q20:Q20)-SUM(Q21:Q22) -> 25.542161 | R23: =SUM(R20:R20)-SUM(R21:R22) -> 25.781853 | ... BR23: =SUM(BR20:BR20)-SUM(BR21:BR22) -> 44.389161
C24: Net Margin % | E24: =E23/E6 -> 0.056609327 | F24: =F23/F6 -> 0.059456853 | G24: =G23/G6 -> 0.066987204 | H24: =H23/H6 -> 0.069514432 | I24: =I23/I6 -> 0.071962361 | K24: =K23/K6 -> 0.060589172 | L24: =L23/L6 -> 0.060819646 | M24: =M23/M6 -> 0.061049504 | N24: =N23/N6 -> 0.061278749 | O24: =O23/O6 -> 0.061507382 | P24: =P23/P6 -> 0.052576014 | Q24: =Q23/Q6 -> 0.052842888 | R24: =R23/R6 -> 0.053108986 | ... BR24: =BR23/BR6 -> 0.073051505
C25: Dividends | E25: =SUM(K25:V25) -> 17.032804 | F25: =SUM(W25:AH25) -> 16.30904 | G25: =SUM(AI25:AT25) -> 0 | H25: =SUM(AU25:BF25) -> 0 | I25: =SUM(BG25:BR25) -> 0 | K25: =IFERROR(IF(SUM(K23:OFFSET(K23,0,MAX(-K3+1,-11)))<0,0,SUM(K23:OFFSET(K23,0,MAX(-K3+1,-11)))*VLOOKUP(K3,Drivers!$C$6:$G$35,5,FALSE)),0) -> 0 | L25: =IFERROR(IF(SUM(L23:OFFSET(L23,0,MAX(-L3+1,-11)))<0,0,SUM(L23:OFFSET(L23,0,MAX(-L3+1,-11)))*VLOOKUP(L3,Drivers!$C$6:$G$35,5,FALSE)),0) -> 0 | M25: =IFERROR(IF(SUM(M23:OFFSET(M23,0,MAX(-M3+1,-11)))<0,0,SUM(M23:OFFSET(M23,0,MAX(-M3+1,-11)))*VLOOKUP(M3,Drivers!$C$6:$G$35,5,FALSE)),0) -> 0 | N25: =IFERROR(IF(SUM(N23:OFFSET(N23,0,MAX(-N3+1,-11)))<0,0,SUM(N23:OFFSET(N23,0,MAX(-N3+1,-11)))*VLOOKUP(N3,Drivers!$C$6:$G$35,5,FALSE)),0) -> 0 | O25: =IFERROR(IF(SUM(O23:OFFSET(O23,0,MAX(-O3+1,-11)))<0,0,SUM(O23:OFFSET(O23,0,MAX(-O3+1,-11)))*VLOOKUP(O3,Drivers!$C$6:$G$35,5,FALSE)),0) -> 0 | P25: =IFERROR(IF(SUM(P23:OFFSET(P23,0,MAX(-P3+1,-11)))<0,0,SUM(P23:OFFSET(P23,0,MAX(-P3+1,-11)))*VLOOKUP(P3,Drivers!$C$6:$G$35,5,FALSE)),0) -> 17.032804 | Q25: =IFERROR(IF(SUM(Q23:OFFSET(Q23,0,MAX(-Q3+1,-11)))<0,0,SUM(Q23:OFFSET(Q23,0,MAX(-Q3+1,-11)))*VLOOKUP(Q3,Drivers!$C$6:$G$35,5,FALSE)),0) -> 0 | R25: =IFERROR(IF(SUM(R23:OFFSET(R23,0,MAX(-R3+1,-11)))<0,0,SUM(R23:OFFSET(R23,0,MAX(-R3+1,-11)))*VLOOKUP(R3,Drivers!$C$6:$G$35,5,FALSE)),0) -> 0 | ... BR25: =IFERROR(IF(SUM(BR23:OFFSET(BR23,0,MAX(-BR3+1,-11)))<0,0,SUM(BR23:OFFSET(BR23,0,MAX(-BR3+1,-11)))*VLOOKUP(BR3,Drivers!$C$6:$G$35,5,FALSE)),0) -> 0
C26: Retained Earnings | E26: =V26 -> 310.64804 | F26: =AH26 -> 656.8034 | G26: =AT26 -> 1086.8898 | H26: =BF26 -> 1556.9345 | I26: =BR26 -> 2069.4063 | K26: =K23-K25 -> 28.5375 | L26: =L23-L25+K26 -> 57.307498 | M26: =M23-M25+L26 -> 86.311178 | N26: =N23-N25+M26 -> 115.54973 | O26: =O23-O25+N26 -> 145.02436 | P26: =P23-P25+O26 -> 153.29523 | Q26: =Q23-Q25+P26 -> 178.8374 | R26: =R23-R25+Q26 -> 204.61925 | S26: =S23-S25+R26 -> 230.64201 | ... BR26: =BR23-BR25+BQ26 -> 2069.4063

Sheet Balance
A1: info
C3: Balance Sheet | E3: 1 | F3: 2 | G3: 3 | H3: 4 | I3: 5 | K3: 1 | L3: 2 | M3: 3 | N3: 4 | O3: 5 | P3: 6 | Q3: 7 | R3: 8 | S3: 9 | T3: 10 | U3: 11 | V3: 12 | W3: 13 | X3: 14 | Y3: 15 | Z3: 16 | AA3: 17 | AB3: 18 | AC3: 19 | AD3: 20 | AE3: 21 | AF3: 22 | AG3: 23 | AH3: 24 | AI3: 25 | AJ3: 26 | AK3: 27 | AL3: 28 | AM3: 29 | AN3: 30 | AO3: 31 | AP3: 32 | AQ3: 33 | AR3: 34 | AS3: 35 | AT3: 36 | AU3: 37 | AV3: 38 | AW3: 39 | AX3: 40 | AY3: 41 | AZ3: 42 | BA3: 43 | BB3: 44 | BC3: 45 | BD3: 46 | BE3: 47 | BF3: 48 | BG3: 49 | BH3: 50 | BI3: 51 | BJ3: 52 | BK3: 53 | BL3: 54 | BM3: 55 | BN3: 56 | BO3: 57 | BP3: 58 | BQ3: 59 | BR3: 60
C5: Cash | E5: =V5 -> 267.26338 | F5: =AH5 -> 757.42596 | G5: =AT5 -> 1169.8963 | H5: =BF5 -> 1620.5243 | I5: =BR5 -> 2111.5811 | K5: =Cash!K34 -> 49.923333 | L5: =Cash!L34 -> 77.925662 | M5: =Cash!M34 -> 56.152352 | N5: =Cash!N34 -> 84.604515 | O5: =Cash!O34 -> 113.28327 | P5: =Cash!P34 -> 72.891563 | Q5: =Cash!Q34 -> 104.7615 | R5: =Cash!R34 -> 136.86139 | ... BR5: =Cash!BR34 -> 2111.5811
C6: Accounts Receivable | E6: =V6 -> 271.64952 | F6: =AH6 -> 286.09438 | G6: =AT6 -> 301.30733 | H6: =BF6 -> 317.32923 | I6: =BR6 -> 334.20308 | K6: =Cash!K14 -> 259.05 | L6: =Cash!L14 -> 260.17085 | M6: =Cash!M14 -> 261.29654 | N6: =Cash!N14 -> 262.42711 | O6: =Cash!O14 -> 263.56256 | P6: =Cash!P14 -> 264.70293 | Q6: =Cash!Q14 -> 265.84824 | R6: =Cash!R14 -> 266.9985 | ... BR6: =Cash!BR14 -> 334.20308
C7: Inventory | E7: =V7 -> 27.508381 | F7: =AH7 -> 28.971128 | G7: =AT7 -> 30.511656 | H7: =BF7 -> 32.134101 | I7: =BR7 -> 33.84282 | K7: =Cash!K29 -> 26.2325 | L7: =Cash!L29 -> 26.346002 | M7: =Cash!M29 -> 26.459994 | N7: =Cash!N29 -> 26.57448 | O7: =Cash!O29 -> 26.689461 | P7: =Cash!P29 -> 26.80494 | Q7: =Cash!Q29 -> 26.920918 | R7: =Cash!R29 -> 27.037398 | ... BR7: =Cash!BR29 -> 33.84282
C8: Other Current Assets | E8: =V8 -> 109.4114 | F8: =AH8 -> 122.14307 | G8: =AT8 -> 136.35626 | H8: =BF8 -> 152.22337 | I8: =BR8 -> 169.93685 | K8: =OtherCA*Income!K6*(1+OtherCAcagr)^((K$3-1)/12) -> 98.91 | L8: =OtherCA*Income!L6*(1+OtherCAcagr)^((L$3-1)/12) -> 99.821492 | M8: =OtherCA*Income!M6*(1+OtherCAcagr)^((M$3-1)/12) -> 100.74138 | N8: =OtherCA*Income!N6*(1+OtherCAcagr)^((N$3-1)/12) -> 101.66975 | O8: =OtherCA*Income!O6*(1+OtherCAcagr)^((O$3-1)/12) -> 102.60668 | P8: =OtherCA*Income!P6*(1+OtherCAcagr)^((P$3-1)/12) -> 103.55223 | Q8: =OtherCA*Income!Q6*(1+OtherCAcagr)^((Q$3-1)/12) -> 104.5065 | R8: =OtherCA*Income!R6*(1+OtherCAcagr)^((R$3-1)/12) -> 105.46957 | ... BR8: =OtherCA*Income!BR6*(1+OtherCAcagr)^((BR$3-1)/12) -> 169.93685
C9: Current Assets | E9: =V9 -> 675.83268 | F9: =AH9 -> 1194.6345 | G9: =AT9 -> 1638.0715 | H9: =BF9 -> 2122.211 | I9: =BR9 -> 2649.5639 | K9: =SUM(K5:K8) -> 434.11583 | L9: =SUM(L5:L8) -> 464.264 | M9: =SUM(M5:M8) -> 444.65027 | N9: =SUM(N5:N8) -> 475.27585 | O9: =SUM(O5:O8) -> 506.14197 | P9: =SUM(P5:P8) -> 467.95167 | Q9: =SUM(Q5:Q8) -> 502.03716 | R9: =SUM(R5:R8) -> 536.36686 | ... BR9: =SUM(BR5:BR8) -> 2649.5639
C10: Facilities | E10: =V10 -> 0 | F10: =AH10 -> 0 | G10: =AT10 -> 0 | H10: =BF10 -> 0 | I10: =BR10 -> 0 | K10: =CapEx!K29 -> 0 | L10: =CapEx!L29 -> 0 | M10: =CapEx!M29 -> 0 | N10: =CapEx!N29 -> 0 | O10: =CapEx!O29 -> 0 | P10: =CapEx!P29 -> 0 | Q10: =CapEx!Q29 -> 0 | R10: =CapEx!R29 -> 0 | ... BR10: =CapEx!BR29 -> 0
C11: Equipment | E11: =V11 -> 0 | F11: =AH11 -> 0 | G11: =AT11 -> 0 | H11: =BF11 -> 0 | I11: =BR11 -> 0 | K11: =CapEx!K30 -> 4 | L11: =CapEx!L30 -> 4 | M11: =CapEx!M30 -> 4 | N11: =CapEx!N30 -> 4 | O11: =CapEx!O30 -> 4 | P11: =CapEx!P30 -> 4 | Q11: =CapEx!Q30 -> 4 | R11: =CapEx!R30 -> 4 | ... BR11: =CapEx!BR30 -> 0
C12: Fixtures | E12: =V12 -> 0 | F12: =AH12 -> 0 | G12: =AT12 -> 0 | H12: =BF12 -> 0 | I12: =BR12 -> 0 | K12: =CapEx!K31 -> 0 | L12: =CapEx!L31 -> 0 | M12: =CapEx!M31 -> 0 | N12: =CapEx!N31 -> 0 | O12: =CapEx!O31 -> 0 | P12: =CapEx!P31 -> 0 | Q12: =CapEx!Q31 -> 0 | R12: =CapEx!R31 -> 0 | ... BR12: =CapEx!BR31 -> 0
C13: Intangibles | E13: =V13 -> 100 | F13: =AH13 -> 0 | G13: =AT13 -> 0 | H13: =BF13 -> 0 | I13: =BR13 -> 0 | K13: =CapEx!K32 -> 0 | L13: =CapEx!L32 -> 0 | M13: =CapEx!M32 -> 0 | N13: =CapEx!N32 -> 0 | O13: =CapEx!O32 -> 0 | P13: =CapEx!P32 -> 100 | Q13: =CapEx!Q32 -> 100 | R13: =CapEx!R32 -> 100 | ... BR13: =CapEx!BR32 -> 0
C14: =CapEx!C9 -> Land | E14: =V14 -> 50 | F14: =AH14 -> 50 | G14: =AT14 -> 50 | H14: =BF14 -> 50 | I14: =BR14 -> 50 | K14: =CapEx!K33 -> 0 | L14: =CapEx!L33 -> 0 | M14: =CapEx!M33 -> 50 | N14: =CapEx!N33 -> 50 | O14: =CapEx!O33 -> 50 | P14: =CapEx!P33 -> 50 | Q14: =CapEx!Q33 -> 50 | R14: =CapEx!R33 -> 50 | ... BR14: =CapEx!BR33 -> 50
C15: =CapEx!C10 -> All other | E15: =V15 -> 0 | F15: =AH15 -> 0 | G15: =AT15 -> 0 | H15: =BF15 -> 0 | I15: =BR15 -> 0 | K15: =CapEx!K34 -> 0 | L15: =CapEx!L34 -> 0 | M15: =CapEx!M34 -> 0 | N15: =CapEx!N34 -> 0 | O15: =CapEx!O34 -> 0 | P15: =CapEx!P34 -> 0 | Q15: =CapEx!Q34 -> 0 | R15: =CapEx!R34 -> 0 | ... BR15: =CapEx!BR34 -> 0
C16: Capital Expenses | E16: =V16 -> 150 | F16: =AH16 -> 50 | G16: =AT16 -> 50 | H16: =BF16 -> 50 | I16: =BR16 -> 50 | K16: =SUM(K10:K15) -> 4 | L16: =SUM(L10:L15) -> 4 | M16: =SUM(M10:M15) -> 54 | N16: =SUM(N10:N15) -> 54 | O16: =SUM(O10:O15) -> 54 | P16: =SUM(P10:P15) -> 154 | Q16: =SUM(Q10:Q15) -> 154 | R16: =SUM(R10:R15) -> 154 | ... BR16: =SUM(BR10:BR15) -> 50
C17: Accumulated Deprec | E17: =V17 -> -50 | F17: =AH17 -> 0 | G17: =AT17 -> 0 | H17: =BF17 -> 0 | I17: =BR17 -> 0 | K17: =CapEx!K27 -> -0.4 | L17: =CapEx!L27 -> -0.8 | M17: =CapEx!M27 -> -1.2 | N17: =CapEx!N27 -> -1.6 | O17: =CapEx!O27 -> -2 | P17: =CapEx!P27 -> -9.5428571 | Q17: =CapEx!Q27 -> -17.085714 | R17: =CapEx!R27 -> -24.628571 | ... BR17: =CapEx!BR27 -> 0
C18: Net Fixed Assets | E18: =V18 -> 100 | F18: =AH18 -> 50 | G18: =AT18 -> 50 | H18: =BF18 -> 50 | I18: =BR18 -> 50 | K18: =SUM(K16:K17) -> 3.6 | L18: =SUM(L16:L17) -> 3.2 | M18: =SUM(M16:M17) -> 52.8 | N18: =SUM(N16:N17) -> 52.4 | O18: =SUM(O16:O17) -> 52 | P18: =SUM(P16:P17) -> 144.45714 | Q18: =SUM(Q16:Q17) -> 136.91429 | R18: =SUM(R16:R17) -> 129.37143 | ... BR18: =SUM(BR16:BR17) -> 50
C19: Assets | E19: =V19 -> 775.83268 | F19: =AH19 -> 1244.6345 | G19: =AT19 -> 1688.0715 | H19: =BF19 -> 2172.211 | I19: =BR19 -> 2699.5639 | K19: =SUM(K9,K18:K18) -> 437.71583 | L19: =SUM(L9,L18:L18) -> 467.464 | M19: =SUM(M9,M18:M18) -> 497.45027 | N19: =SUM(N9,N18:N18) -> 527.67585 | O19: =SUM(O9,O18:O18) -> 558.14197 | P19: =SUM(P9,P18:P18) -> 612.40881 | Q19: =SUM(Q9,Q18:Q18) -> 638.95144 | R19: =SUM(R9,R18:R18) -> 665.73829 | ... BR19: =SUM(BR9,BR18:BR18) -> 2699.5639
C20: Accounts Payable | E20: =V20 -> 210.89759 | F20: =AH20 -> 222.11198 | G20: =AT20 -> 233.9227 | H20: =BF20 -> 246.36144 | I20: =BR20 -> 259.46162 | K20: =SUM(Cash!K20,Cash!K29) -> 201.11583 | L20: =SUM(Cash!L20,Cash!L29) -> 201.98601 | M20: =SUM(Cash!M20,Cash!M29) -> 202.85996 | N20: =SUM(Cash!N20,Cash!N29) -> 203.73768 | O20: =SUM(Cash!O20,Cash!O29) -> 204.6192 | P20: =SUM(Cash!P20,Cash!P29) -> 205.50454 | Q20: =SUM(Cash!Q20,Cash!Q29) -> 206.39371 | R20: =SUM(Cash!R20,Cash!R29) -> 207.28672 | ... BR20: =SUM(Cash!BR20,Cash!BR29) -> 259.46162
C21: Other Current Liabilities | E21: =V21 -> 19.287056 | F21: =AH21 -> 20.719152 | G21: =AT21 -> 22.259082 | H21: =BF21 -> 23.915075 | I21: =BR21 -> 25.69599 | K21: =OtherCL*Income!K12*(1+OtherCLcagr)^((K$3-1)/12) -> 18.0625 | L21: =OtherCL*Income!L12*(1+OtherCLcagr)^((L$3-1)/12) -> 18.170491 | M21: =OtherCL*Income!M12*(1+OtherCLcagr)^((M$3-1)/12) -> 18.279136 | N21: =OtherCL*Income!N12*(1+OtherCLcagr)^((N$3-1)/12) -> 18.38844 | O21: =OtherCL*Income!O12*(1+OtherCLcagr)^((O$3-1)/12) -> 18.498406 | P21: =OtherCL*Income!P12*(1+OtherCLcagr)^((P$3-1)/12) -> 18.609038 | Q21: =OtherCL*Income!Q12*(1+OtherCLcagr)^((Q$3-1)/12) -> 18.720341 | R21: =OtherCL*Income!R12*(1+OtherCLcagr)^((R$3-1)/12) -> 18.832318 | ... BR21: =OtherCL*Income!BR12*(1+OtherCLcagr)^((BR$3-1)/12) -> 25.69599
C22: Short-term Debt | E22: =V22 -> 60 | F22: =AH22 -> 80 | G22: =AT22 -> 80 | H22: =BF22 -> 80 | I22: =BR22 -> 80 | K22: =Drivers!$E$6+Cash!K7 -> 50 | L22: =Cash!L7+K22 -> 50 | M22: =Cash!M7+L22 -> 50 | N22: =Cash!N7+M22 -> 50 | O22: =Cash!O7+N22 -> 50 | P22: =Cash!P7+O22 -> 60 | Q22: =Cash!Q7+P22 -> 60 | R22: =Cash!R7+Q22 -> 60 | S22: =Cash!S7+R22 -> 60 | ... BR22: =Cash!BR7+BQ22 -> 80
C23: Current Liabilities | E23: =V23 -> 290.18464 | F23: =AH23 -> 322.83113 | G23: =AT23 -> 336.18178 | H23: =BF23 -> 350.27652 | I23: =BR23 -> 365.15761 | K23: =SUM(K20:K22) -> 269.17833 | L23: =SUM(L20:L22) -> 270.1565 | M23: =SUM(M20:M22) -> 271.13909 | N23: =SUM(N20:N22) -> 272.12612 | O23: =SUM(O20:O22) -> 273.11761 | P23: =SUM(P20:P22) -> 284.11358 | Q23: =SUM(Q20:Q22) -> 285.11405 | R23: =SUM(R20:R22) -> 286.11904 | ... BR23: =SUM(BR20:BR22) -> 365.15761
C24: Long-term Debt | E24: =V24 -> 120 | F24: =AH24 -> 150 | G24: =AT24 -> 150 | H24: =BF24 -> 150 | I24: =BR24 -> 150 | K24: =Drivers!$F$6+Cash!K8 -> 100 | L24: =Cash!L8+K24 -> 100 | M24: =Cash!M8+L24 -> 100 | N24: =Cash!N8+M24 -> 100 | O24: =Cash!O8+N24 -> 100 | P24: =Cash!P8+O24 -> 120 | Q24: =Cash!Q8+P24 -> 120 | R24: =Cash!R8+Q24 -> 120 | S24: =Cash!S8+R24 -> 120 | ... BR24: =Cash!BR8+BQ24 -> 150
C25: Liabilities | E25: =V25 -> 410.18464 | F25: =AH25 -> 472.83113 | G25: =AT25 -> 486.18178 | H25: =BF25 -> 500.27652 | I25: =BR25 -> 515.15761 | K25: =SUM(K23:K24) -> 369.17833 | L25: =SUM(L23:L24) -> 370.1565 | M25: =SUM(M23:M24) -> 371.13909 | N25: =SUM(N23:N24) -> 372.12612 | O25: =SUM(O23:O24) -> 373.11761 | P25: =SUM(P23:P24) -> 404.11358 | Q25: =SUM(Q23:Q24) -> 405.11405 | R25: =SUM(R23:R24) -> 406.11904 | ... BR25: =SUM(BR23:BR24) -> 515.15761
C26: Common stock | E26: =V26 -> 55 | F26: =AH26 -> 115 | G26: =AT26 -> 115 | H26: =BF26 -> 115 | I26: =BR26 -> 115 | K26: =Drivers!$D$6+Cash!K6 -> 40 | L26: =Cash!L6+K26 -> 40 | M26: =Cash!M6+L26 -> 40 | N26: =Cash!N6+M26 -> 40 | O26: =Cash!O6+N26 -> 40 | P26: =Cash!P6+O26 -> 55 | Q26: =Cash!Q6+P26 -> 55 | R26: =Cash!R6+Q26 -> 55 | S26: =Cash!S6+R26 -> 55 | ... BR26: =Cash!BR6+BQ26 -> 115
C27: Retained Earnings | E27: =V27 -> 310.64804 | F27: =AH27 -> 656.8034 | G27: =AT27 -> 1086.8898 | H27: =BF27 -> 1556.9345 | I27: =BR27 -> 2069.4063 | K27: =Income!K26 -> 28.5375 | L27: =Income!L26 -> 57.307498 | M27: =Income!M26 -> 86.311178 | N27: =Income!N26 -> 115.54973 | O27: =Income!O26 -> 145.02436 | P27: =Income!P26 -> 153.29523 | Q27: =Income!Q26 -> 178.8374 | R27: =Income!R26 -> 204.61925 | ... BR27: =Income!BR26 -> 2069.4063
C28: Equity | E28: =V28 -> 365.64804 | F28: =AH28 -> 771.8034 | G28: =AT28 -> 1201.8898 | H28: =BF28 -> 1671.9345 | I28: =BR28 -> 2184.4063 | K28: =SUM(K26:K27) -> 68.5375 | L28: =SUM(L26:L27) -> 97.307498 | M28: =SUM(M26:M27) -> 126.31118 | N28: =SUM(N26:N27) -> 155.54973 | O28: =SUM(O26:O27) -> 185.02436 | P28: =SUM(P26:P27) -> 208.29523 | Q28: =SUM(Q26:Q27) -> 233.8374 | R28: =SUM(R26:R27) -> 259.61925 | ... BR28: =SUM(BR26:BR27) -> 2184.4063
C30: chk | E30: =IF(ABS(E19-E25-E28)<0.0001,"✔","✕") -> ✔ | F30: =IF(ABS(F19-F25-F28)<0.0001,"✔","✕") -> ✔ | G30: =IF(ABS(G19-G25-G28)<0.0001,"✔","✕") -> ✔ | H30: =IF(ABS(H19-H25-H28)<0.0001,"✔","✕") -> ✔ | I30: =IF(ABS(I19-I25-I28)<0.0001,"✔","✕") -> ✔ | K30: =IF(ABS(K19-K25-K28)<0.0001,"✔","✕") -> ✔ | L30: =IF(ABS(L19-L25-L28)<0.0001,"✔","✕") -> ✔ | M30: =IF(ABS(M19-M25-M28)<0.0001,"✔","✕") -> ✔ | N30: =IF(ABS(N19-N25-N28)<0.0001,"✔","✕") -> ✔ | O30: =IF(ABS(O19-O25-O28)<0.0001,"✔","✕") -> ✔ | P30: =IF(ABS(P19-P25-P28)<0.0001,"✔","✕") -> ✔ | Q30: =IF(ABS(Q19-Q25-Q28)<0.0001,"✔","✕") -> ✔ | R30: =IF(ABS(R19-R25-R28)<0.0001,"✔","✕") -> ✔ | ... BR30: =IF(ABS(BR19-BR25-BR28)<0.0001,"✔","✕") -> ✔

Sheet Cash
A1: info
C3: Cash Flow | E3: 1 | F3: 2 | G3: 3 | H3: 4 | I3: 5 | K3: 1 | L3: 2 | M3: 3 | N3: 4 | O3: 5 | P3: 6 | Q3: 7 | R3: 8 | S3: 9 | T3: 10 | U3: 11 | V3: 12 | W3: 13 | X3: 14 | Y3: 15 | Z3: 16 | AA3: 17 | AB3: 18 | AC3: 19 | AD3: 20 | AE3: 21 | AF3: 22 | AG3: 23 | AH3: 24 | AI3: 25 | AJ3: 26 | AK3: 27 | AL3: 28 | AM3: 29 | AN3: 30 | AO3: 31 | AP3: 32 | AQ3: 33 | AR3: 34 | AS3: 35 | AT3: 36 | AU3: 37 | AV3: 38 | AW3: 39 | AX3: 40 | AY3: 41 | AZ3: 42 | BA3: 43 | BB3: 44 | BC3: 45 | BD3: 46 | BE3: 47 | BF3: 48 | BG3: 49 | BH3: 50 | BI3: 51 | BJ3: 52 | BK3: 53 | BL3: 54 | BM3: 55 | BN3: 56 | BO3: 57 | BP3: 58 | BQ3: 59 | BR3: 60
C5: Starting cash | E5: =K5 -> 190 | F5: =W5 -> 267.26338 | G5: =AI5 -> 757.42596 | H5: =AU5 -> 1169.8963 | I5: =BG5 -> 1620.5243 | K5: =SUM(Drivers!$D$6:$F$6) -> 190 | L5: =K34 -> 49.923333 | M5: =L34 -> 77.925662 | N5: =M34 -> 56.152352 | O5: =N34 -> 84.604515 | P5: =O34 -> 113.28327 | Q5: =P34 -> 72.891563 | R5: =Q34 -> 104.7615 | S5: =R34 -> 136.86139 | ... BR5: =BQ34 -> 2069.0581
C6: Equity | E6: =SUM(K6:V6) -> 15 | F6: =SUM(W6:AH6) -> 60 | G6: =SUM(AI6:AT6) -> 0 | H6: =SUM(AU6:BF6) -> 0 | I6: =SUM(BG6:BR6) -> 0 | K6: =IFERROR(VLOOKUP(K$3,Drivers!$C$7:$F$35,2,FALSE),0) -> 0 | L6: =IFERROR(VLOOKUP(L$3,Drivers!$C$7:$F$35,2,FALSE),0) -> 0 | M6: =IFERROR(VLOOKUP(M$3,Drivers!$C$7:$F$35,2,FALSE),0) -> 0 | N6: =IFERROR(VLOOKUP(N$3,Drivers!$C$7:$F$35,2,FALSE),0) -> 0 | O6: =IFERROR(VLOOKUP(O$3,Drivers!$C$7:$F$35,2,FALSE),0) -> 0 | P6: =IFERROR(VLOOKUP(P$3,Drivers!$C$7:$F$35,2,FALSE),0) -> 15 | Q6: =IFERROR(VLOOKUP(Q$3,Drivers!$C$7:$F$35,2,FALSE),0) -> 0 | R6: =IFERROR(VLOOKUP(R$3,Drivers!$C$7:$F$35,2,FALSE),0) -> 0 | ... BR6: =IFERROR(VLOOKUP(BR$3,Drivers!$C$7:$F$35,2,FALSE),0) -> 0
C7: Short term debt | K7: =IFERROR(VLOOKUP(K$3,Drivers!$C$6:$F$35,3,FALSE),0) -> 0 | L7: =IFERROR(VLOOKUP(L$3,Drivers!$C$6:$F$35,3,FALSE),0) -> 0 | M7: =IFERROR(VLOOKUP(M$3,Drivers!$C$6:$F$35,3,FALSE),0) -> 0 | N7: =IFERROR(VLOOKUP(N$3,Drivers!$C$6:$F$35,3,FALSE),0) -> 0 | O7: =IFERROR(VLOOKUP(O$3,Drivers!$C$6:$F$35,3,FALSE),0) -> 0 | P7: =IFERROR(VLOOKUP(P$3,Drivers!$C$6:$F$35,3,FALSE),0) -> 10 | Q7: =IFERROR(VLOOKUP(Q$3,Drivers!$C$6:$F$35,3,FALSE),0) -> 0 | R7: =IFERROR(VLOOKUP(R$3,Drivers!$C$6:$F$35,3,FALSE),0) -> 0 | ... BR7: =IFERROR(VLOOKUP(BR$3,Drivers!$C$6:$F$35,3,FALSE),0) -> 0
C8: Long-term debt | E8: =SUM(K8:V8) -> 20 | F8: =SUM(W8:AH8) -> 30 | G8: =SUM(AI8:AT8) -> 0 | H8: =SUM(AU8:BF8) -> 0 | I8: =SUM(BG8:BR8) -> 0 | K8: =IFERROR(VLOOKUP(K$3,Drivers!$C$7:$F$35,4,FALSE),0) -> 0 | L8: =IFERROR(VLOOKUP(L$3,Drivers!$C$7:$F$35,4,FALSE),0) -> 0 | M8: =IFERROR(VLOOKUP(M$3,Drivers!$C$7:$F$35,4,FALSE),0) -> 0 | N8: =IFERROR(VLOOKUP(N$3,Drivers!$C$7:$F$35,4,FALSE),0) -> 0 | O8: =IFERROR(VLOOKUP(O$3,Drivers!$C$7:$F$35,4,FALSE),0) -> 0 | P8: =IFERROR(VLOOKUP(P$3,Drivers!$C$7:$F$35,4,FALSE),0) -> 20 | Q8: =IFERROR(VLOOKUP(Q$3,Drivers!$C$7:$F$35,4,FALSE),0) -> 0 | R8: =IFERROR(VLOOKUP(R$3,Drivers!$C$7:$F$35,4,FALSE),0) -> 0 | ... BR8: =IFERROR(VLOOKUP(BR$3,Drivers!$C$7:$F$35,4,FALSE),0) -> 0
C9: New Capital | K9: =SUM(K6:K8) -> 0 | L9: =SUM(L6:L8) -> 0 | M9: =SUM(M6:M8) -> 0 | N9: =SUM(N6:N8) -> 0 | O9: =SUM(O6:O8) -> 0 | P9: =SUM(P6:P8) -> 45 | Q9: =SUM(Q6:Q8) -> 0 | R9: =SUM(R6:R8) -> 0 | ... BR9: =SUM(BR6:BR8) -> 0
C10: Forecasted sales | E10: =SUM(K10:V10) -> 5788.4603 | F10: =SUM(W10:AH10) -> 6096.2594 | G10: =SUM(AI10:AT10) -> 6420.4256 | H10: =SUM(AU10:BF10) -> 6761.8291 | I10: =SUM(BG10:BR10) -> 7121.3867 | K10: =Income!K6 -> 471 | L10: =Income!L6 -> 473.0379 | M10: =Income!M6 -> 475.08462 | N10: =Income!N6 -> 477.14019 | O10: =Income!O6 -> 479.20466 | P10: =Income!P6 -> 481.27806 | Q10: =Income!Q6 -> 483.36043 | R10: =Income!R6 -> 485.45181 | ... BR10: =Income!BR6 -> 607.64197
C11: Cash sales | E11: =SUM(K11:V11) -> 2604.8071 | F11: =SUM(W11:AH11) -> 2743.3167 | G11: =SUM(AI11:AT11) -> 2889.1915 | H11: =SUM(AU11:BF11) -> 3042.8231 | I11: =SUM(BG11:BR11) -> 3204.624 | K11: =TermsCollectCash*K10 -> 211.95 | L11: =TermsCollectCash*L10 -> 212.86706 | M11: =TermsCollectCash*M10 -> 213.78808 | N11: =TermsCollectCash*N10 -> 214.71309 | O11: =TermsCollectCash*O10 -> 215.6421 | P11: =TermsCollectCash*P10 -> 216.57513 | Q11: =TermsCollectCash*Q10 -> 217.51219 | R11: =TermsCollectCash*R10 -> 218.45332 | ... BR11: =TermsCollectCash*BR10 -> 273.43889
C12: Credit collections | E12: =SUM(K12:V12) -> 2912.0036 | F12: =SUM(W12:AH12) -> 3338.4978 | G12: =SUM(AI12:AT12) -> 3516.0211 | H12: =SUM(AU12:BF12) -> 3702.9841 | I12: =SUM(BG12:BR12) -> 3899.8888 | L12: =TermsCollectCredit*K10 -> 259.05 | M12: =TermsCollectCredit*L10 -> 260.17085 | N12: =TermsCollectCredit*M10 -> 261.29654 | O12: =TermsCollectCredit*N10 -> 262.42711 | P12: =TermsCollectCredit*O10 -> 263.56256 | Q12: =TermsCollectCredit*P10 -> 264.70293 | R12: =TermsCollectCredit*Q10 -> 265.84824 | S12: =TermsCollectCredit*R10 -> 266.9985 | ... BR12: =TermsCollectCredit*BQ10 -> 332.7633
C13: Sales Proceeds | E13: =SUM(K13:V13) -> 5516.8108 | F13: =SUM(W13:AH13) -> 6081.8145 | G13: =SUM(AI13:AT13) -> 6405.2126 | H13: =SUM(AU13:BF13) -> 6745.8072 | I13: =SUM(BG13:BR13) -> 7104.5129 | K13: =SUM(K11:K12) -> 211.95 | L13: =SUM(L11:L12) -> 471.91706 | M13: =SUM(M11:M12) -> 473.95892 | N13: =SUM(N11:N12) -> 476.00963 | O13: =SUM(O11:O12) -> 478.0692 | P13: =SUM(P11:P12) -> 480.13769 | Q13: =SUM(Q11:Q12) -> 482.21513 | R13: =SUM(R11:R12) -> 484.30155 | ... BR13: =SUM(BR11:BR12) -> 606.20219
C14: Accounts Receivable | E14: =V14 -> 271.64952 | F14: =AH14 -> 286.09438 | G14: =AT14 -> 301.30733 | H14: =BF14 -> 317.32923 | I14: =BR14 -> 334.20308 | K14: =K10-K13 -> 259.05 | L14: =K14+L10-L13 -> 260.17085 | M14: =L14+M10-M13 -> 261.29654 | N14: =M14+N10-N13 -> 262.42711 | O14: =N14+O10-O13 -> 263.56256 | P14: =O14+P10-P13 -> 264.70293 | Q14: =P14+Q10-Q13 -> 265.84824 | R14: =Q14+R10-R13 -> 266.9985 | S14: =R14+S10-S13 -> 268.15373 | ... BR14: =BQ14+BR10-BR13 -> 334.20308
C15: Cash collected | E15: =SUM(K15:V15) -> 5561.8108 | F15: =SUM(W15:AH15) -> 6191.8145 | G15: =SUM(AI15:AT15) -> 6405.2126 | H15: =SUM(AU15:BF15) -> 6745.8072 | I15: =SUM(BG15:BR15) -> 7104.5129 | K15: =SUM(K9,K11:K12) -> 211.95 | L15: =SUM(L9,L11:L12) -> 471.91706 | M15: =SUM(M9,M11:M12) -> 473.95892 | N15: =SUM(N9,N11:N12) -> 476.00963 | O15: =SUM(O9,O11:O12) -> 478.0692 | P15: =SUM(P9,P11:P12) -> 525.13769 | Q15: =SUM(Q9,Q11:Q12) -> 482.21513 | R15: =SUM(R9,R11:R12) -> 484.30155 | ... BR15: =SUM(BR9,BR11:BR12) -> 606.20219
C16: Forecasted COGS | E16: =SUM(K16:V16) -> 4298.536 | F16: =SUM(W16:AH16) -> 4527.109 | G16: =SUM(AI16:AT16) -> 4767.8362 | H16: =SUM(AU16:BF16) -> 5021.364 | I16: =SUM(BG16:BR16) -> 5288.373 | K16: =Income!K7 -> 349.76667 | L16: =Income!L7 -> 351.28002 | M16: =Income!M7 -> 352.79992 | N16: =Income!N7 -> 354.3264 | O16: =Income!O7 -> 355.85948 | P16: =Income!P7 -> 357.3992 | Q16: =Income!Q7 -> 358.94558 | R16: =Income!R7 -> 360.49865 | ... BR16: =Income!BR7 -> 451.23759
C17: Cash spend | E17: =SUM(K17:V17) -> 2149.268 | F17: =SUM(W17:AH17) -> 2263.5545 | G17: =SUM(AI17:AT17) -> 2383.9181 | H17: =SUM(AU17:BF17) -> 2510.682 | I17: =SUM(BG17:BR17) -> 2644.1865 | K17: =TermsPayCash*K16 -> 174.88333 | L17: =TermsPayCash*L16 -> 175.64001 | M17: =TermsPayCash*M16 -> 176.39996 | N17: =TermsPayCash*N16 -> 177.1632 | O17: =TermsPayCash*O16 -> 177.92974 | P17: =TermsPayCash*P16 -> 178.6996 | Q17: =TermsPayCash*Q16 -> 179.47279 | R17: =TermsPayCash*R16 -> 180.24932 | ... BR17: =TermsPayCash*BR16 -> 225.6188
C18: Credit remittances | E18: =SUM(K18:V18) -> 1965.8788 | F18: =SUM(W18:AH18) -> 2253.8028 | G18: =SUM(AI18:AT18) -> 2373.6479 | H18: =SUM(AU18:BF18) -> 2499.8657 | I18: =SUM(BG18:BR18) -> 2632.7951 | L18: =TermsPayCredit*K16 -> 174.88333 | M18: =TermsPayCredit*L16 -> 175.64001 | N18: =TermsPayCredit*M16 -> 176.39996 | O18: =TermsPayCredit*N16 -> 177.1632 | P18: =TermsPayCredit*O16 -> 177.92974 | Q18: =TermsPayCredit*P16 -> 178.6996 | R18: =TermsPayCredit*Q16 -> 179.47279 | S18: =TermsPayCredit*R16 -> 180.24932 | ... BR18: =TermsPayCredit*BQ16 -> 224.64681
C19: COGS Payments | E19: =SUM(K19:V19) -> 4115.1468 | F19: =SUM(W19:AH19) -> 4517.3573 | G19: =SUM(AI19:AT19) -> 4757.566 | H19: =SUM(AU19:BF19) -> 5010.5477 | I19: =SUM(BG19:BR19) -> 5276.9816 | K19: =SUM(K17:K18) -> 174.88333 | L19: =SUM(L17:L18) -> 350.52334 | M19: =SUM(M17:M18) -> 352.03997 | N19: =SUM(N17:N18) -> 353.56316 | O19: =SUM(O17:O18) -> 355.09294 | P19: =SUM(P17:P18) -> 356.62934 | Q19: =SUM(Q17:Q18) -> 358.17239 | R19: =SUM(R17:R18) -> 359.72211 | ... BR19: =SUM(BR17:BR18) -> 450.2656
C20: Accounts Payable | E20: =V20 -> 183.38921 | F20: =AH20 -> 193.14085 | G20: =AT20 -> 203.41104 | H20: =BF20 -> 214.22734 | I20: =BR20 -> 225.6188 | K20: =K16-K19 -> 174.88333 | L20: =K20+L16-L19 -> 175.64001 | M20: =L20+M16-M19 -> 176.39996 | N20: =M20+N16-N19 -> 177.1632 | O20: =N20+O16-O19 -> 177.92974 | P20: =O20+P16-P19 -> 178.6996 | Q20: =P20+Q16-Q19 -> 179.47279 | R20: =Q20+R16-R19 -> 180.24932 | S20: =R20+S16-S19 -> 181.02922 | ... BR20: =BQ20+BR16-BR19 -> 225.6188
C21: Payroll expense | E21: =SUM(K21:V21) -> 379.31815 | F21: =SUM(W21:AH21) -> 384.41932 | G21: =SUM(AI21:AT21) -> 389.5891 | H21: =SUM(AU21:BF21) -> 394.8284 | I21: =SUM(BG21:BR21) -> 400.13816 | K21: =Income!K10 -> 31.416667 | L21: =Income!L10 -> 31.45166 | M21: =Income!M10 -> 31.486692 | N21: =Income!N10 -> 31.521763 | O21: =Income!O10 -> 31.556873 | P21: =Income!P10 -> 31.592023 | Q21: =Income!Q10 -> 31.627211 | R21: =Income!R10 -> 31.662439 | ... BR21: =Income!BR10 -> 33.549386
C22: Overhead expense | E22: =SUM(K22:V22) -> 496.79223 | F22: =SUM(W22:AH22) -> 511.89877 | G22: =SUM(AI22:AT22) -> 527.46467 | H22: =SUM(AU22:BF22) -> 543.5039 | I22: =SUM(BG22:BR22) -> 560.03086 | K22: =Income!K11 -> 40.833333 | L22: =Income!L11 -> 40.935391 | M22: =Income!M11 -> 41.037703 | N22: =Income!N11 -> 41.140272 | O22: =Income!O11 -> 41.243096 | P22: =Income!P11 -> 41.346178 | Q22: =Income!Q11 -> 41.449517 | R22: =Income!R11 -> 41.553115 | ... BR22: =Income!BR11 -> 47.31264
C23: OpEx | E23: =SUM(K23:V23) -> 876.11038 | F23: =SUM(W23:AH23) -> 896.31809 | G23: =SUM(AI23:AT23) -> 917.05377 | H23: =SUM(AU23:BF23) -> 938.3323 | I23: =SUM(BG23:BR23) -> 960.16902 | K23: =SUM(K21:K22) -> 72.25 | L23: =SUM(L21:L22) -> 72.387051 | M23: =SUM(M21:M22) -> 72.524395 | N23: =SUM(N21:N22) -> 72.662035 | O23: =SUM(O21:O22) -> 72.79997 | P23: =SUM(P21:P22) -> 72.938201 | Q23: =SUM(Q21:Q22) -> 73.076729 | R23: =SUM(R21:R22) -> 73.215554 | ... BR23: =SUM(BR21:BR22) -> 80.862026
C24: Interest on S/T debt | E24: =SUM(K24:V24) -> 3.9083333 | F24: =SUM(W24:AH24) -> 5.6 | G24: =SUM(AI24:AT24) -> 5.6 | H24: =SUM(AU24:BF24) -> 5.6 | I24: =SUM(BG24:BR24) -> 5.6 | K24: =RateShort/12*Balance!K22 -> 0.29166667 | L24: =RateShort/12*Balance!L22 -> 0.29166667 | M24: =RateShort/12*Balance!M22 -> 0.29166667 | N24: =RateShort/12*Balance!N22 -> 0.29166667 | O24: =RateShort/12*Balance!O22 -> 0.29166667 | P24: =RateShort/12*Balance!P22 -> 0.35 | Q24: =RateShort/12*Balance!Q22 -> 0.35 | R24: =RateShort/12*Balance!R22 -> 0.35 | ... BR24: =RateShort/12*Balance!BR22 -> 0.46666667
C25: Interest on L/T debt | E25: =SUM(K25:V25) -> 9.7708333 | F25: =SUM(W25:AH25) -> 13.125 | G25: =SUM(AI25:AT25) -> 13.125 | H25: =SUM(AU25:BF25) -> 13.125 | I25: =SUM(BG25:BR25) -> 13.125 | K25: =RateLong/12*Balance!K24 -> 0.72916667 | L25: =RateLong/12*Balance!L24 -> 0.72916667 | M25: =RateLong/12*Balance!M24 -> 0.72916667 | N25: =RateLong/12*Balance!N24 -> 0.72916667 | O25: =RateLong/12*Balance!O24 -> 0.72916667 | P25: =RateLong/12*Balance!P24 -> 0.875 | Q25: =RateLong/12*Balance!Q24 -> 0.875 | R25: =RateLong/12*Balance!R24 -> 0.875 | ... BR25: =RateLong/12*Balance!BR24 -> 1.09375
C26: Interest expense | E26: =SUM(K26:V26) -> 13.679167 | F26: =SUM(W26:AH26) -> 18.725 | G26: =SUM(AI26:AT26) -> 18.725 | H26: =SUM(AU26:BF26) -> 18.725 | I26: =SUM(BG26:BR26) -> 18.725 | K26: =SUM(K24:K25) -> 1.0208333 | L26: =SUM(L24:L25) -> 1.0208333 | M26: =SUM(M24:M25) -> 1.0208333 | N26: =SUM(N24:N25) -> 1.0208333 | O26: =SUM(O24:O25) -> 1.0208333 | P26: =SUM(P24:P25) -> 1.225 | Q26: =SUM(Q24:Q25) -> 1.225 | R26: =SUM(R24:R25) -> 1.225 | ... BR26: =SUM(BR24:BR25) -> 1.5604167
C27: Taxes | E27: =SUM(K27:V27) -> 218.4539 | F27: =SUM(W27:AH27) -> 241.64293 | G27: =SUM(AI27:AT27) -> 286.72424 | H27: =SUM(AU27:BF27) -> 313.36314 | I27: =SUM(BG27:BR27) -> 341.64787 | K27: =Income!K22 -> 19.025 | L27: =Income!L22 -> 19.179998 | M27: =Income!M22 -> 19.335787 | N27: =Income!N22 -> 19.492369 | O27: =Income!O22 -> 19.649749 | P27: =Income!P22 -> 16.869121 | Q27: =Income!Q22 -> 17.028107 | R27: =Income!R22 -> 17.187902 | ... BR27: =Income!BR22 -> 29.592774
C28: Dividends | E28: =SUM(K28:V28) -> 17.032804 | F28: =SUM(W28:AH28) -> 16.30904 | G28: =SUM(AI28:AT28) -> 0 | H28: =SUM(AU28:BF28) -> 0 | I28: =SUM(BG28:BR28) -> 0 | K28: =Income!K25 -> 0 | L28: =Income!L25 -> 0 | M28: =Income!M25 -> 0 | N28: =Income!N25 -> 0 | O28: =Income!O25 -> 0 | P28: =Income!P25 -> 17.032804 | Q28: =Income!Q25 -> 0 | R28: =Income!R25 -> 0 | ... BR28: =Income!BR25 -> 0
C29: Inventory | E29: =V29 -> 27.508381 | F29: =AH29 -> 28.971128 | G29: =AT29 -> 30.511656 | H29: =BF29 -> 32.134101 | I29: =BR29 -> 33.84282 | K29: =K20*InventoryPct -> 26.2325 | L29: =L20*InventoryPct -> 26.346002 | M29: =M20*InventoryPct -> 26.459994 | N29: =N20*InventoryPct -> 26.57448 | O29: =O20*InventoryPct -> 26.689461 | P29: =P20*InventoryPct -> 26.80494 | Q29: =Q20*InventoryPct -> 26.920918 | R29: =R20*InventoryPct -> 27.037398 | ... BR29: =BR20*InventoryPct -> 33.84282
C30: ∆ Other Wkg Capital | E30: =SUM(K30:V30) -> 90.124348 | F30: =SUM(W30:AH30) -> 11.299571 | G30: =SUM(AI30:AT30) -> 12.673257 | H30: =SUM(AU30:BF30) -> 14.211115 | I30: =SUM(BG30:BR30) -> 15.932569 | K30: =-(-Balance!K8+Balance!K21) -> 80.8475 | L30: =-((Balance!K8-Balance!L8)+(Balance!L21-Balance!K21)) -> 0.80350056 | M30: =-((Balance!L8-Balance!M8)+(Balance!M21-Balance!L21)) -> 0.81124604 | N30: =-((Balance!M8-Balance!N8)+(Balance!N21-Balance!M21)) -> 0.81906492 | O30: =-((Balance!N8-Balance!O8)+(Balance!O21-Balance!N21)) -> 0.82695788 | P30: =-((Balance!O8-Balance!P8)+(Balance!P21-Balance!O21)) -> 0.83492562 | Q30: =-((Balance!P8-Balance!Q8)+(Balance!Q21-Balance!P21)) -> 0.84296884 | R30: =-((Balance!Q8-Balance!R8)+(Balance!R21-Balance!Q21)) -> 0.85108824 | S30: =-((Balance!R8-Balance!S8)+(Balance!S21-Balance!R21)) -> 0.85928454 | ... BR30: =-((Balance!BQ8-Balance!BR8)+(Balance!BR21-Balance!BQ21)) -> 1.3983211
C31: CapEx | E31: =SUM(K31:V31) -> 154 | F31: =SUM(W31:AH31) -> 0 | G31: =SUM(AI31:AT31) -> 0 | H31: =SUM(AU31:BF31) -> 0 | I31: =SUM(BG31:BR31) -> 0 | K31: =CapEx!K11 -> 4 | L31: =CapEx!L11 -> 0 | M31: =CapEx!M11 -> 50 | N31: =CapEx!N11 -> 0 | O31: =CapEx!O11 -> 0 | P31: =CapEx!P11 -> 100 | Q31: =CapEx!Q11 -> 0 | R31: =CapEx!R11 -> 0 | ... BR31: =CapEx!BR11 -> 0
C32: Cash disbursed | E32: =SUM(K32:V32) -> 5484.5474 | F32: =SUM(W32:AH32) -> 5701.652 | G32: =SUM(AI32:AT32) -> 5992.7423 | H32: =SUM(AU32:BF32) -> 6295.1792 | I32: =SUM(BG32:BR32) -> 6613.456 | K32: =SUM(K17:K18,K23,K26:K28,K30:K31) -> 352.02667 | L32: =SUM(L17:L18,L23,L26:L28,L30:L31) -> 443.91473 | M32: =SUM(M17:M18,M23,M26:M28,M30:M31) -> 495.73223 | N32: =SUM(N17:N18,N23,N26:N28,N30:N31) -> 447.55746 | O32: =SUM(O17:O18,O23,O26:O28,O30:O31) -> 449.39045 | P32: =SUM(P17:P18,P23,P26:P28,P30:P31) -> 565.52939 | Q32: =SUM(Q17:Q18,Q23,Q26:Q28,Q30:Q31) -> 450.34519 | R32: =SUM(R17:R18,R23,R26:R28,R30:R31) -> 452.20166 | ... BR32: =SUM(BR17:BR18,BR23,BR26:BR28,BR30:BR31) -> 563.67914
C33: ∑ Cash in/out | E33: =SUM(K33:V33) -> 77.263378 | F33: =SUM(W33:AH33) -> 490.16258 | G33: =SUM(AI33:AT33) -> 412.47034 | H33: =SUM(AU33:BF33) -> 450.628 | I33: =SUM(BG33:BR33) -> 491.05683 | K33: =K15-K32 -> -140.07667 | L33: =L15-L32 -> 28.002329 | M33: =M15-M32 -> -21.77331 | N33: =N15-N32 -> 28.452163 | O33: =O15-O32 -> 28.678751 | P33: =P15-P32 -> -40.391703 | Q33: =Q15-Q32 -> 31.869934 | R33: =R15-R32 -> 32.099897 | ... BR33: =BR15-BR32 -> 42.523046
C34: Ending cash | E34: =V34 -> 267.26338 | F34: =AH34 -> 757.42596 | G34: =AT34 -> 1169.8963 | H34: =BF34 -> 1620.5243 | I34: =BR34 -> 2111.5811 | K34: =K5+K33 -> 49.923333 | L34: =L5+L33 -> 77.925662 | M34: =M5+M33 -> 56.152352 | N34: =N5+N33 -> 84.604515 | O34: =O5+O33 -> 113.28327 | P34: =P5+P33 -> 72.891563 | Q34: =Q5+Q33 -> 104.7615 | R34: =R5+R33 -> 136.86139 | ... BR34: =BR5+BR33 -> 2111.5811
C36: Indirect
C37: Cash from Operations | E37: =SUM(K37:V37) -> 203.29618 | F37: =SUM(W37:AH37) -> 396.47162 | G37: =SUM(AI37:AT37) -> 412.47034 | H37: =SUM(AU37:BF37) -> 450.628 | I37: =SUM(BG37:BR37) -> 491.05683 | K37: =(Income!K23+Income!K19)-K14+K20+(Balance!J8-Balance!K8)+(Balance!K21-Balance!J21) -> -136.07667 | L37: =(Income!L23+Income!L19)+(K14-L14)+(L20-K20)+(Balance!K8-Balance!L8)+(Balance!L21-Balance!K21) -> 28.002329 | M37: =(Income!M23+Income!M19)+(L14-M14)+(M20-L20)+(Balance!L8-Balance!M8)+(Balance!M21-Balance!L21) -> 28.22669 | N37: =(Income!N23+Income!N19)+(M14-N14)+(N20-M20)+(Balance!M8-Balance!N8)+(Balance!N21-Balance!M21) -> 28.452163 | O37: =(Income!O23+Income!O19)+(N14-O14)+(O20-N20)+(Balance!N8-Balance!O8)+(Balance!O21-Balance!N21) -> 28.678751 | P37: =(Income!P23+Income!P19)+(O14-P14)+(P20-O20)+(Balance!O8-Balance!P8)+(Balance!P21-Balance!O21) -> 31.641101 | Q37: =(Income!Q23+Income!Q19)+(P14-Q14)+(Q20-P20)+(Balance!P8-Balance!Q8)+(Balance!Q21-Balance!P21) -> 31.869934 | R37: =(Income!R23+Income!R19)+(Q14-R14)+(R20-Q20)+(Balance!Q8-Balance!R8)+(Balance!R21-Balance!Q21) -> 32.099897 | S37: =(Income!S23+Income!S19)+(R14-S14)+(S20-R20)+(Balance!R8-Balance!S8)+(Balance!S21-Balance!R21) -> 32.330995 | ... BR37: =(Income!BR23+Income!BR19)+(BQ14-BR14)+(BR20-BQ20)+(Balance!BQ8-Balance!BR8)+(Balance!BR21-Balance!BQ21) -> 42.523046
C38: Cash from Investing | E38: =SUM(K38:V38) -> -154 | F38: =SUM(W38:AH38) -> 0 | G38: =SUM(AI38:AT38) -> 0 | H38: =SUM(AU38:BF38) -> 0 | I38: =SUM(BG38:BR38) -> 0 | K38: =-K31 -> -4 | L38: =-L31 -> 0 | M38: =-M31 -> -50 | N38: =-N31 -> 0 | O38: =-O31 -> 0 | P38: =-P31 -> -100 | Q38: =-Q31 -> 0 | R38: =-R31 -> 0 | ... BR38: =-BR31 -> 0
C39: Cash from Financing | E39: =SUM(K39:V39) -> 28 | F39: =SUM(W39:AH39) -> 94 | G39: =SUM(AI39:AT39) -> 0 | H39: =SUM(AU39:BF39) -> 0 | I39: =SUM(BG39:BR39) -> 0 | K39: =ROUND(K9-K28,0) -> 0 | L39: =ROUND(L9-L28,0) -> 0 | M39: =ROUND(M9-M28,0) -> 0 | N39: =ROUND(N9-N28,0) -> 0 | O39: =ROUND(O9-O28,0) -> 0 | P39: =ROUND(P9-P28,0) -> 28 | Q39: =ROUND(Q9-Q28,0) -> 0 | R39: =ROUND(R9-R28,0) -> 0 | ... BR39: =ROUND(BR9-BR28,0) -> 0
C40: ∑ Cash in/out | E40: =SUM(K40:V40) -> 77.296182 | F40: =SUM(W40:AH40) -> 490.47162 | G40: =SUM(AI40:AT40) -> 412.47034 | H40: =SUM(AU40:BF40) -> 450.628 | I40: =SUM(BG40:BR40) -> 491.05683 | K40: =SUM(K37:K39) -> -140.07667 | L40: =SUM(L37:L39) -> 28.002329 | M40: =SUM(M37:M39) -> -21.77331 | N40: =SUM(N37:N39) -> 28.452163 | O40: =SUM(O37:O39) -> 28.678751 | P40: =SUM(P37:P39) -> -40.358899 | Q40: =SUM(Q37:Q39) -> 31.869934 | R40: =SUM(R37:R39) -> 32.099897 | ... BR40: =SUM(BR37:BR39) -> 42.523046
C42: Check | E42: =IF(ROUND(E33-E40,0)=0,"✔","✕") -> ✔ | F42: =IF(ROUND(F33-F40,0)=0,"✔","✕") -> ✔ | G42: =IF(ROUND(G33-G40,0)=0,"✔","✕") -> ✔ | H42: =IF(ROUND(H33-H40,0)=0,"✔","✕") -> ✔ | I42: =IF(ROUND(I33-I40,0)=0,"✔","✕") -> ✔ | K42: =IF(ROUND(K33-K40,0)=0,"✔","✕") -> ✔ | L42: =IF(ROUND(L33-L40,0)=0,"✔","✕") -> ✔ | M42: =IF(ROUND(M33-M40,0)=0,"✔","✕") -> ✔ | N42: =IF(ROUND(N33-N40,0)=0,"✔","✕") -> ✔ | O42: =IF(ROUND(O33-O40,0)=0,"✔","✕") -> ✔ | P42: =IF(ROUND(P33-P40,0)=0,"✔","✕") -> ✔ | Q42: =IF(ROUND(Q33-Q40,0)=0,"✔","✕") -> ✔ | R42: =IF(ROUND(R33-R40,0)=0,"✔","✕") -> ✔ | ... BR42: =IF(ROUND(BR33-BR40,0)=0,"✔","✕") -> ✔

Sheet Valuation
A1: info
C3: Valuation | E3: 1 | G3: 2 | I3: 3 | K3: 4 | M3: 5 | P3: 1 | Q3: 2 | R3: 3 | S3: 4 | T3: 5 | U3: 6 | V3: 7 | W3: 8 | X3: 9 | Y3: 10 | Z3: 11 | AA3: 12 | AB3: 13 | AC3: 14 | AD3: 15 | AE3: 16 | AF3: 17 | AG3: 18 | AH3: 19 | AI3: 20 | AJ3: 21 | AK3: 22 | AL3: 23 | AM3: 24 | AN3: 25 | AO3: 26 | AP3: 27 | AQ3: 28 | AR3: 29 | AS3: 30 | AT3: 31 | AU3: 32 | AV3: 33 | AW3: 34 | AX3: 35 | AY3: 36 | AZ3: 37 | BA3: 38 | BB3: 39 | BC3: 40 | BD3: 41 | BE3: 42 | BF3: 43 | BG3: 44 | BH3: 45 | BI3: 46 | BJ3: 47 | BK3: 48 | BL3: 49 | BM3: 50 | BN3: 51 | BO3: 52 | BP3: 53 | BQ3: 54 | BR3: 55 | BS3: 56 | BT3: 57 | BU3: 58 | BV3: 59 | BW3: 60
C5: Free Cash Flow
C6: EBIT | E6: =SUM(P6:AA6) -> 559.81391 | G6: =SUM(AB6:AM6) -> 622.83233 | I6: =SUM(AN6:AY6) -> 735.5356 | K6: =SUM(AZ6:BK6) -> 802.13285 | M6: =SUM(BL6:BW6) -> 872.84468 | P6: =Income!K20 -> 48.583333 | Q6: =Income!L20 -> 48.970829 | R6: =Income!M20 -> 49.360301 | S6: =Income!N20 -> 49.751757 | T6: =Income!O20 -> 50.145207 | U6: =Income!P20 -> 43.397803 | V6: =Income!Q20 -> 43.795268 | W6: =Income!R20 -> 44.194756 | ... BW6: =Income!BR20 -> 75.542351
C7: Taxes | E7: =SUM(P7:AA7) -> 223.92556 | G7: =SUM(AB7:AM7) -> 249.13293 | I7: =SUM(AN7:AY7) -> 294.21424 | K7: =SUM(AZ7:BK7) -> 320.85314 | M7: =SUM(BL7:BW7) -> 349.13787 | P7: =P6*Taxes -> 19.433333 | Q7: =Q6*Taxes -> 19.588332 | R7: =R6*Taxes -> 19.74412 | S7: =S6*Taxes -> 19.900703 | T7: =T6*Taxes -> 20.058083 | U7: =U6*Taxes -> 17.359121 | V7: =V6*Taxes -> 17.518107 | W7: =W6*Taxes -> 17.677902 | ... BW7: =BW6*Taxes -> 30.216941
C8: Taxed EBIT | E8: =SUM(P8:AA8) -> 335.88834 | G8: =SUM(AB8:AM8) -> 373.6994 | I8: =SUM(AN8:AY8) -> 441.32136 | K8: =SUM(AZ8:BK8) -> 481.27971 | M8: =SUM(BL8:BW8) -> 523.70681 | P8: =P6-P7 -> 29.15 | Q8: =Q6-Q7 -> 29.382498 | R8: =R6-R7 -> 29.616181 | S8: =S6-S7 -> 29.851054 | T8: =T6-T7 -> 30.087124 | U8: =U6-U7 -> 26.038682 | V8: =V6-V7 -> 26.277161 | W8: =W6-W7 -> 26.516853 | ... BW8: =BW6-BW7 -> 45.325411
C9: + Depreciation | E9: =SUM(P9:AA9) -> 54 | G9: =SUM(AB9:AM9) -> 50 | I9: =SUM(AN9:AY9) -> 0 | K9: =SUM(AZ9:BK9) -> 0 | M9: =SUM(BL9:BW9) -> 0 | P9: =Income!K19 -> 0.4 | Q9: =Income!L19 -> 0.4 | R9: =Income!M19 -> 0.4 | S9: =Income!N19 -> 0.4 | T9: =Income!O19 -> 0.4 | U9: =Income!P19 -> 7.5428571 | V9: =Income!Q19 -> 7.5428571 | W9: =Income!R19 -> 7.5428571 | ... BW9: =Income!BR19 -> 0
C10: - CapEx | E10: =SUM(P10:AA10) -> -154 | G10: =SUM(AB10:AM10) -> 0 | I10: =SUM(AN10:AY10) -> 0 | K10: =SUM(AZ10:BK10) -> 0 | M10: =SUM(BL10:BW10) -> 0 | P10: =-CapEx!K11 -> -4 | Q10: =-CapEx!L11 -> 0 | R10: =-CapEx!M11 -> -50 | S10: =-CapEx!N11 -> 0 | T10: =-CapEx!O11 -> 0 | U10: =-CapEx!P11 -> -100 | V10: =-CapEx!Q11 -> 0 | W10: =-CapEx!R11 -> 0 | ... BW10: =-CapEx!BR11 -> 0
C11: plus Current Assets | E11: =AA11 -> 675.83268 | G11: =AM11 -> 1194.6345 | I11: =AY11 -> 1638.0715 | K11: =BK11 -> 2122.211 | M11: =BW11 -> 2649.5639 | P11: =Balance!K9 -> 434.11583 | Q11: =Balance!L9 -> 464.264 | R11: =Balance!M9 -> 444.65027 | S11: =Balance!N9 -> 475.27585 | T11: =Balance!O9 -> 506.14197 | U11: =Balance!P9 -> 467.95167 | V11: =Balance!Q9 -> 502.03716 | W11: =Balance!R9 -> 536.36686 | ... BW11: =Balance!BR9 -> 2649.5639
C12: minus Cash | E12: =SUM(P12:AA12) -> -1569.0072 | G12: =SUM(AB12:AM12) -> -6923.8066 | I12: =SUM(AN12:AY12) -> -11733.368 | K12: =SUM(AZ12:BK12) -> -16928.838 | M12: =SUM(BL12:BW12) -> -22596.849 | P12: =-Balance!K5 -> -49.923333 | Q12: =-Balance!L5 -> -77.925662 | R12: =-Balance!M5 -> -56.152352 | S12: =-Balance!N5 -> -84.604515 | T12: =-Balance!O5 -> -113.28327 | U12: =-Balance!P5 -> -72.891563 | V12: =-Balance!Q5 -> -104.7615 | W12: =-Balance!R5 -> -136.86139 | ... BW12: =-Balance!BR5 -> -2111.5811
C13: minus Curr Liabilities | E13: =AA13 -> -290.18464 | G13: =AM13 -> -322.83113 | I13: =AY13 -> -336.18178 | K13: =BK13 -> -350.27652 | M13: =BW13 -> -365.15761 | P13: =-Balance!K23 -> -269.17833 | Q13: =-Balance!L23 -> -270.1565 | R13: =-Balance!M23 -> -271.13909 | S13: =-Balance!N23 -> -272.12612 | T13: =-Balance!O23 -> -273.11761 | U13: =-Balance!P23 -> -284.11358 | V13: =-Balance!Q23 -> -285.11405 | W13: =-Balance!R23 -> -286.11904 | ... BW13: =-Balance!BR23 -> -365.15761
C14: add back s/t debt | E14: =AA14 -> 120 | G14: =AM14 -> 150 | I14: =AY14 -> 150 | K14: =BK14 -> 150 | M14: =BW14 -> 150 | P14: =Balance!K24 -> 100 | Q14: =Balance!L24 -> 100 | R14: =Balance!M24 -> 100 | S14: =Balance!N24 -> 100 | T14: =Balance!O24 -> 100 | U14: =Balance!P24 -> 120 | V14: =Balance!Q24 -> 120 | W14: =Balance!R24 -> 120 | ... BW14: =Balance!BR24 -> 150
C15: Working capital | E15: =SUM(P15:AA15) -> 2729.3271 | G15: =SUM(AB15:AM15) -> 3083.0393 | I15: =SUM(AN15:AY15) -> 3285.3368 | K15: =SUM(AZ15:BK15) -> 3508.2478 | M15: =SUM(BL15:BW15) -> 3754.0301 | P15: =SUM(P11:P14) -> 215.01417 | Q15: =SUM(Q11:Q14) -> 216.18184 | R15: =SUM(R11:R14) -> 217.35883 | S15: =SUM(S11:S14) -> 218.54522 | T15: =SUM(T11:T14) -> 219.74109 | U15: =SUM(U11:U14) -> 230.94653 | V15: =SUM(V11:V14) -> 232.16161 | W15: =SUM(W11:W14) -> 233.38643 | ... BW15: =SUM(BW11:BW14) -> 322.82515
C16: ∆ in working capital | E16: =SUM(P16:AA16) -> 238.38466 | G16: =SUM(AB16:AM16) -> 25.992779 | I16: =SUM(AN16:AY16) -> 17.616024 | K16: =SUM(AZ16:BK16) -> 19.416711 | M16: =SUM(BL16:BW16) -> 21.414971 | P16: =P15 -> 215.01417 | Q16: =Q15-P15 -> 1.1676689 | R16: =R15-Q15 -> 1.1769901 | S16: =S15-R15 -> 1.1863914 | T16: =T15-S15 -> 1.1958737 | U16: =U15-T15 -> 11.205438 | V16: =V15-U15 -> 1.215084 | W16: =W15-V15 -> 1.2248135 | X16: =X15-W15 -> 1.2346268 | ... BW16: =BW15-BV15 -> 1.8661145
C17: - ∆ in Wkg Cap | E17: =SUM(P17:AA17) -> -238.38466 | G17: =SUM(AB17:AM17) -> -25.992779 | I17: =SUM(AN17:AY17) -> -17.616024 | K17: =SUM(AZ17:BK17) -> -19.416711 | M17: =SUM(BL17:BW17) -> -21.414971 | P17: =-P16 -> -215.01417 | Q17: =-Q16 -> -1.1676689 | R17: =-R16 -> -1.1769901 | S17: =-S16 -> -1.1863914 | T17: =-T16 -> -1.1958737 | U17: =-U16 -> -11.205438 | V17: =-V16 -> -1.215084 | W17: =-W16 -> -1.2248135 | ... BW17: =-BW16 -> -1.8661145
C18: Free Cash Flow | E18: =SUM(P18:AA18) -> -2.4963182 | G18: =SUM(AB18:AM18) -> 397.70662 | I18: =SUM(AN18:AY18) -> 423.70534 | K18: =SUM(AZ18:BK18) -> 461.863 | M18: =SUM(BL18:BW18) -> 502.29183 | P18: =SUM(P8:P10,P17) -> -189.46417 | Q18: =SUM(Q8:Q10,Q17) -> 28.614829 | R18: =SUM(R8:R10,R17) -> -21.16081 | S18: =SUM(S8:S10,S17) -> 29.064663 | T18: =SUM(T8:T10,T17) -> 29.291251 | U18: =SUM(U8:U10,U17) -> -77.623899 | V18: =SUM(V8:V10,V17) -> 32.604934 | W18: =SUM(W8:W10,W17) -> 32.834897 | ... BW18: =SUM(BW8:BW10,BW17) -> 43.459296
E20: Discounted Cash Flow | K20: Industry Comps
E22: PV FCF | H22: {=SUMPRODUCT(P18:BW18/(1+WACC)^(P3:BW3/12))} -> 1332.5439 | K22: EV/EBITDA | N22: =ValEvEbitda -> 5
E23: PV terminal | H23: =(SUM(BL18:BW18)*(1+ValTerminal) / (WACC-ValTerminal)) / (1+WACC)^(BW3/12) -> 4594.5371 | K23: EBITDA | N23: =Income!F13 -> 672.83233
E24: Enterprise value | H24: =SUM(H22:H23) -> 5927.081 | K24: Enterprise value | N24: =N22*N23 -> 3364.1616
E25: - Debt y2 | H25: =-SUM(Balance!F22,Balance!F24) -> -230 | K25: Price/Earnings | N25: =ValPE -> 8
E26: + Cash y2 | H26: =Balance!F5 -> 757.42596 | K26: Earnings | N26: =Income!F23 -> 362.4644
E27: Equity value | H27: =SUM(H24,H25:I26) -> 6454.507 | K27: Equity value | N27: =N25*N26 -> 2899.7152

Sheet Summary
A1: info
C3: 5-yr Summary | E3: y1 | G3: y2 | H3: y/y | I3: y/y % | K3: y3 | L3: y/y | M3: y/y % | O3: y4 | P3: y/y | Q3: y/y % | S3: y5 | T3: y/y | U3: y/y %
C5: Capital Expenditures
C6: Expenditures | E6: =CapEx!E11 -> 154 | G6: =CapEx!F11 -> 0 | H6: =G6-E6 -> -154 | I6: =IFERROR( IF(G6/E6-1=-1, "n/a", IF( G6/E6-1 =-2,"repaid",G6/E6-1)), 0) -> n/a | K6: =CapEx!G11 -> 0 | L6: =K6-G6 -> 0 | M6: =IFERROR(IF(K6/G6-1=-1,"n/a",K6/G6-1),0) -> 0 | O6: =CapEx!H11 -> 0 | P6: =O6-K6 -> 0 | Q6: =IFERROR(IF(O6/K6-1=-1,"n/a",O6/K6-1),0) -> 0 | S6: =CapEx!I11 -> 0 | T6: =S6-O6 -> 0 | U6: =IFERROR(IF(S6/O6-1=-1,"n/a",S6/O6-1),0) -> 0
C7: Depreciation expense | E7: =CapEx!E19 -> 54 | G7: =CapEx!F19 -> 50 | H7: =G7-E7 -> -4 | I7: =IFERROR( IF(G7/E7-1=-1, "n/a", IF( G7/E7-1 =-2,"repaid",G7/E7-1)), 0) -> -0.074074074 | K7: =CapEx!G19 -> 0 | L7: =K7-G7 -> -50 | M7: =IFERROR(IF(K7/G7-1=-1,"n/a",K7/G7-1),0) -> n/a | O7: =CapEx!H19 -> 0 | P7: =O7-K7 -> 0 | Q7: =IFERROR(IF(O7/K7-1=-1,"n/a",O7/K7-1),0) -> 0 | S7: =CapEx!I19 -> 0 | T7: =S7-O7 -> 0 | U7: =IFERROR(IF(S7/O7-1=-1,"n/a",S7/O7-1),0) -> 0
C8: Income Statement
C9: Revenue | E9: =SUM(Income!$K6:$V6) -> 5788.4603 | G9: =SUM(Income!$W6:$AH6) -> 6096.2594 | H9: =G9-E9 -> 307.79908 | I9: =IFERROR(IF(G9/E9-1=-1,"n/a",G9/E9-1),0) -> 0.053174603 | K9: =SUM(Income!$AI6:$AT6) -> 6420.4256 | L9: =K9-G9 -> 324.16617 | M9: =IFERROR(IF(K9/G9-1=-1,"n/a",K9/G9-1),0) -> 0.053174603 | O9: =SUM(Income!$AU6:$BF6) -> 6761.8291 | P9: =O9-K9 -> 341.40358 | Q9: =IFERROR(IF(O9/K9-1=-1,"n/a",O9/K9-1),0) -> 0.053174603 | S9: =SUM(Income!$BG6:$BR6) -> 7121.3867 | T9: =S9-O9 -> 359.55758 | U9: =IFERROR(IF(S9/O9-1=-1,"n/a",S9/O9-1),0) -> 0.053174603
C10: Cost of Goods Sold | E10: =SUM(Income!$K7:$V7) -> 4298.536 | G10: =SUM(Income!$W7:$AH7) -> 4527.109 | H10: =G10-E10 -> 228.57295 | I10: =IFERROR(IF(G10/E10-1=-1,"n/a",G10/E10-1),0) -> 0.053174603 | K10: =SUM(Income!$AI7:$AT7) -> 4767.8362 | L10: =K10-G10 -> 240.72722 | M10: =IFERROR(IF(K10/G10-1=-1,"n/a",K10/G10-1),0) -> 0.053174603 | O10: =SUM(Income!$AU7:$BF7) -> 5021.364 | P10: =O10-K10 -> 253.5278 | Q10: =IFERROR(IF(O10/K10-1=-1,"n/a",O10/K10-1),0) -> 0.053174603 | S10: =SUM(Income!$BG7:$BR7) -> 5288.373 | T10: =S10-O10 -> 267.00904 | U10: =IFERROR(IF(S10/O10-1=-1,"n/a",S10/O10-1),0) -> 0.053174603
C11: Payroll expense | E11: =SUM(Income!$K10:$V10) -> 379.31815 | G11: =SUM(Income!$W10:$AH10) -> 384.41932 | H11: =G11-E11 -> 5.1011751 | I11: =IFERROR(IF(G11/E11-1=-1,"n/a",G11/E11-1),0) -> 0.013448276 | K11: =SUM(Income!$AI10:$AT10) -> 389.5891 | L11: =K11-G11 -> 5.1697771 | M11: =IFERROR(IF(K11/G11-1=-1,"n/a",K11/G11-1),0) -> 0.013448276 | O11: =SUM(Income!$AU10:$BF10) -> 394.8284 | P11: =O11-K11 -> 5.2393017 | Q11: =IFERROR(IF(O11/K11-1=-1,"n/a",O11/K11-1),0) -> 0.013448276 | S11: =SUM(Income!$BG10:$BR10) -> 400.13816 | T11: =S11-O11 -> 5.3097612 | U11: =IFERROR(IF(S11/O11-1=-1,"n/a",S11/O11-1),0) -> 0.013448276
C12: Overhead expense | E12: =SUM(Income!$K11:$V11) -> 496.79223 | G12: =SUM(Income!$W11:$AH11) -> 511.89877 | H12: =G12-E12 -> 15.106539 | I12: =IFERROR(IF(G12/E12-1=-1,"n/a",G12/E12-1),0) -> 0.030408163 | K12: =SUM(Income!$AI11:$AT11) -> 527.46467 | L12: =K12-G12 -> 15.565901 | M12: =IFERROR(IF(K12/G12-1=-1,"n/a",K12/G12-1),0) -> 0.030408163 | O12: =SUM(Income!$AU11:$BF11) -> 543.5039 | P12: =O12-K12 -> 16.039232 | Q12: =IFERROR(IF(O12/K12-1=-1,"n/a",O12/K12-1),0) -> 0.030408163 | S12: =SUM(Income!$BG11:$BR11) -> 560.03086 | T12: =S12-O12 -> 16.526955 | U12: =IFERROR(IF(S12/O12-1=-1,"n/a",S12/O12-1),0) -> 0.030408163
C13: Interest expense | E13: =SUM(Income!$K21:$V21) -> 13.679167 | G13: =SUM(Income!$W21:$AH21) -> 18.725 | H13: =G13-E13 -> 5.0458333 | I13: =IFERROR(IF(G13/E13-1=-1,"n/a",G13/E13-1),0) -> 0.36886994 | K13: =SUM(Income!$AI21:$AT21) -> 18.725 | L13: =K13-G13 -> 0 | M13: =IFERROR(IF(K13/G13-1=-1,"n/a",K13/G13-1),0) -> 0 | O13: =SUM(Income!$AU21:$BF21) -> 18.725 | P13: =O13-K13 -> 0 | Q13: =IFERROR(IF(O13/K13-1=-1,"n/a",O13/K13-1),0) -> 0 | S13: =SUM(Income!$BG21:$BR21) -> 18.725 | T13: =S13-O13 -> 0 | U13: =IFERROR(IF(S13/O13-1=-1,"n/a",S13/O13-1),0) -> 0
C14: Net Earnings | E14: =SUM(Income!$K23:$V23) -> 327.68084 | G14: =SUM(Income!$W23:$AH23) -> 362.4644 | H14: =G14-E14 -> 34.783551 | I14: =IFERROR(IF(G14/E14-1=-1,"n/a",G14/E14-1),0) -> 0.1061507 | K14: =SUM(Income!$AI23:$AT23) -> 430.08636 | L14: =K14-G14 -> 67.621963 | M14: =IFERROR(IF(K14/G14-1=-1,"n/a",K14/G14-1),0) -> 0.18656167 | O14: =SUM(Income!$AU23:$BF23) -> 470.04471 | P14: =O14-K14 -> 39.95835 | Q14: =IFERROR(IF(O14/K14-1=-1,"n/a",O14/K14-1),0) -> 0.092907737 | S14: =SUM(Income!$BG23:$BR23) -> 512.47181 | T14: =S14-O14 -> 42.427096 | U14: =IFERROR(IF(S14/O14-1=-1,"n/a",S14/O14-1),0) -> 0.090261831
C15: Balance Sheet
C16: Assets | E16: =Balance!$V19 -> 775.83268 | G16: =Balance!$AH19 -> 1244.6345 | H16: =G16-E16 -> 468.80185 | I16: =IFERROR(IF(G16/E16-1=-1,"n/a",G16/E16-1),0) -> 0.60425638 | K16: =Balance!$AT19 -> 1688.0715 | L16: =K16-G16 -> 443.43701 | M16: =IFERROR(IF(K16/G16-1=-1,"n/a",K16/G16-1),0) -> 0.35627889 | O16: =Balance!$BF19 -> 2172.211 | P16: =O16-K16 -> 484.13945 | Q16: =IFERROR(IF(O16/K16-1=-1,"n/a",O16/K16-1),0) -> 0.28680032 | S16: =Balance!$BR19 -> 2699.5639 | T16: =S16-O16 -> 527.35289 | U16: =IFERROR(IF(S16/O16-1=-1,"n/a",S16/O16-1),0) -> 0.24277241
C17: Liabilities | E17: =Balance!$V25 -> 410.18464 | G17: =Balance!$AH25 -> 472.83113 | H17: =G17-E17 -> 62.646491 | I17: =IFERROR(IF(G17/E17-1=-1,"n/a",G17/E17-1),0) -> 0.15272754 | K17: =Balance!$AT25 -> 486.18178 | L17: =K17-G17 -> 13.350647 | M17: =IFERROR(IF(K17/G17-1=-1,"n/a",K17/G17-1),0) -> 0.028235551 | O17: =Balance!$BF25 -> 500.27652 | P17: =O17-K17 -> 14.094739 | Q17: =IFERROR(IF(O17/K17-1=-1,"n/a",O17/K17-1),0) -> 0.028990677 | S17: =Balance!$BR25 -> 515.15761 | T17: =S17-O17 -> 14.881087 | U17: =IFERROR(IF(S17/O17-1=-1,"n/a",S17/O17-1),0) -> 0.029745723
C18: Equity | E18: =Balance!$V28 -> 365.64804 | G18: =Balance!$AH28 -> 771.8034 | H18: =G18-E18 -> 406.15536 | I18: =IFERROR(IF(G18/E18-1=-1,"n/a",G18/E18-1),0) -> 1.1107823 | K18: =Balance!$AT28 -> 1201.8898 | L18: =K18-G18 -> 430.08636 | M18: =IFERROR(IF(K18/G18-1=-1,"n/a",K18/G18-1),0) -> 0.5572486 | O18: =Balance!$BF28 -> 1671.9345 | P18: =O18-K18 -> 470.04471 | Q18: =IFERROR(IF(O18/K18-1=-1,"n/a",O18/K18-1),0) -> 0.39108804 | S18: =Balance!$BR28 -> 2184.4063 | T18: =S18-O18 -> 512.47181 | U18: =IFERROR(IF(S18/O18-1=-1,"n/a",S18/O18-1),0) -> 0.30651429
C19: Cash Flow Statement
C20: Cash from Operations | E20: =Cash!E37 -> 203.29618 | G20: =Cash!F37 -> 396.47162 | H20: =G20-E20 -> 193.17544 | I20: =IFERROR(IF(G20/E20-1=-1,"n/a",G20/E20-1),0) -> 0.95021674 | K20: =Cash!G37 -> 412.47034 | L20: =K20-G20 -> 15.998718 | M20: =IFERROR(IF(K20/G20-1=-1,"n/a",K20/G20-1),0) -> 0.040352745 | O20: =Cash!H37 -> 450.628 | P20: =O20-K20 -> 38.157663 | Q20: =IFERROR(IF(O20/K20-1=-1,"n/a",O20/K20-1),0) -> 0.092510079 | S20: =Cash!I37 -> 491.05683 | T20: =S20-O20 -> 40.428836 | U20: =IFERROR(IF(S20/O20-1=-1,"n/a",S20/O20-1),0) -> 0.089716654
C21: Cash from Investing | E21: =Cash!E38 -> -154 | G21: =Cash!F38 -> 0 | H21: =G21-E21 -> 154 | I21: =IFERROR(IF(G21/E21-1=-1,"n/a",G21/E21-1),0) -> n/a | K21: =Cash!G38 -> 0 | L21: =K21-G21 -> 0 | M21: =IFERROR(IF(K21/G21-1=-1,"n/a",K21/G21-1),0) -> 0 | O21: =Cash!H38 -> 0 | P21: =O21-K21 -> 0 | Q21: =IFERROR(IF(O21/K21-1=-1,"n/a",O21/K21-1),0) -> 0 | S21: =Cash!I38 -> 0 | T21: =S21-O21 -> 0 | U21: =IFERROR(IF(S21/O21-1=-1,"n/a",S21/O21-1),0) -> 0
C22: Cash from Financing | E22: =Cash!E39 -> 28 | G22: =Cash!F39 -> 94 | H22: =G22-E22 -> 66 | I22: =IFERROR(IF(G22/E22-1=-1,"n/a",G22/E22-1),0) -> 2.3571429 | K22: =Cash!G39 -> 0 | L22: =K22-G22 -> -94 | M22: =IFERROR(IF(K22/G22-1=-1,"n/a",K22/G22-1),0) -> n/a | O22: =Cash!H39 -> 0 | P22: =O22-K22 -> 0 | Q22: =IFERROR(IF(O22/K22-1=-1,"n/a",O22/K22-1),0) -> 0 | S22: =Cash!I39 -> 0 | T22: =S22-O22 -> 0 | U22: =IFERROR(IF(S22/O22-1=-1,"n/a",S22/O22-1),0) -> 0
C23: Valuation
C24: Discounted Cash Flow | E24: Enterprise | G24: =Valuation!$H$24 -> 5927.081
E25: Equity | G25: =Valuation!$H$27 -> 6454.507
C27: Industry Multiple | E27: EV/EBITDA | G27: =Valuation!$N$24 -> 3364.1616
E28: P/E ratio | G28: =Valuation!$N$27 -> 2899.7152
